 Dungeon Crawl Stone Soup version 0.16.0 (webtiles) character file.

829154 Sixotanaka the Slayer (level 27, -4/414 HPs)
             Began as a Troll Warper on Mar 19, 2015.
             Was an Elder of Cheibriados.
             Slain by a balrug
             ... wielding a +2 vampiric demon whip
              (6 damage)
             ... in Pandemonium on Mar 21, 2015.
             The game lasted 06:41:35 (72441 turns).

Sixotanaka the Slayer (Troll Warper)               Turns: 72441, Time: 06:41:35

Health: -4/414     AC: 30    Str: 39    XL:     27
Magic:  20/36      EV: 32    Int: 22    God:    Cheibriados [****..]
Gold:   4881       SH:  0    Dex: 30    Spells: 7 memorised, 13 levels left

rFire  + + .     SeeInvis .       - Unarmed
rCold  + . .     Clarity  .     R - melded +4 skin of Zhor {rC+++}
rNeg   + + +     SustAb   .     (shield restricted)
rPois  ∞         Gourm    +     U - -2 hat of the Alchemist {rElec rPois rF+ rC+ rN+ MR+ rMut rCorr}
rElec  +         Spirit   .     L - +2 cloak of the Dropbear {rPois rC- rN+ Dex+5}
rCorr  +         Warding  .     (gloves unavailable)
rMut   +         Stasis   .     (boots unavailable)
MR     +++..                    S - amulet of regeneration
Stlth  +++.......               K - ring of protection from fire
                                z - +6 ring of protection

@: statue-form, resistant, fire vulnerable, very slow, extremely resistant to
hostile enchantments, fairly stealthy
A: unfitting armour, claws 3, thin skeletal structure 1, fast metabolism 3,
gourmand, regeneration 2, (shaggy fur 0), (tough skin 0)
a: End Transformation, Bend Time, Temporal Distortion, Slouch, Renounce Religion
}: 7/15 runes: decaying, serpentine, slimy, silver, golden, abyssal, demonic


You were in Pandemonium.
You worshipped Cheibriados.
Cheibriados was greatly pleased with you.
You were not hungry.
You were a stone statue.
You visited 11 branches of the dungeon, and saw 60 of its levels.
You visited Pandemonium 2 times, and saw 22 of its levels.
You visited the Abyss 1 time.
You also visited: Ice Cave.

You collected 9332 gold pieces.
You spent 4451 gold pieces at shops.


Innate Abilities, Weirdness & Mutations

You are too large for most types of armour.
You have claws for hands.
Your metabolism is lightning-fast.
You like to eat raw meat.
You heal very quickly.
((You are covered in fur (AC +1).))
((You have very tough skin (AC +2).))
You have a somewhat thin skeletal structure (Dex +2, Stealth).


   Skills:
 + Level 26.5 Fighting
 - Level 6.2 Throwing
 - Level 0.7 Armour
 - Level 19.2 Dodging
 - Level 21.3 Unarmed Combat
 - Level 4.7 Spellcasting
 - Level 4.7 Translocations
 + Level 12.2 Transmutations
 - Level 18.0 Earth Magic
 - Level 14.7 Invocations
 - Level 7.0 Evocations


You had 13 spell levels left.
You knew the following spells:

 Your Spells              Type           Power        Failure   Level  Hunger
a - Shroud of Golubria    Chrm/Tloc      ###.......   8%          2    None
b - Blink                 Tloc           N/A          2%          2    None
d - Repel Missiles        Chrm/Air       #.....       17%         2    None
e - Apportation           Tloc           ####......   1%          1    None
y - Passage of Golubria   Tloc           N/A          17%         4    ####...
A - Phase Shift           Tloc           ####......   50%         5    #####..
X - Statue Form           Trmt/Erth      ######...    3%          6    #######


Dungeon Overview and Level Annotations

Branches:
Dungeon (15/15)            Temple (1/1) D:5            Lair (8/8) D:10
  Swamp (5/5) Lair:4        Snake (5/5) Lair:4        Slime (6/6) Lair:6
    Orc (4/4) D:10            Elf (0/3) Orc:4        Vaults (5/5) D:14
  Crypt (3/3) Vaults:2       Tomb (3/3) Crypt:3      Depths (5/5) D:15
    Zot (0/5) Depths:5

Altars:
Ashenzari
Cheibriados
Dithmenos
Elyvilon
Fedhas
Gozag
Kikubaaqudgha
Makhleb
Nemelex Xobeh
Okawaru
Qazlal
Ru
Sif Muna
Trog
Yredelemnul
Zin
The Shining One
Jiyva
Lugonu

Shops:
D:4 :   D:5 *   D:7 =   D:14 }   Orc:1 *   Orc:4 %([[   Snake:2 %   Vaults:1 :
Vaults:3 *?[(   Vaults:4 :=:[

Portals:
Hell: Depths:1 Depths:2 Depths:3 Depths:4 Depths:5
Abyss: Depths:3 Depths:4 Depths:5
Pandemonium: Depths:3 Depths:4
Ziggurat: Depths:3
Trove: Depths:1 (give 23 scrolls of identify)

Annotations:
D:4 Eustachio
D:5 1 exclusion
D:7 Joseph
D:9 2 runed doors, exclusion: centaur
Lair:2 exclusion: downstairs
Lair:8 1 runed door
Snake:2 Vashnia
Depths:1 Trove 23 ID scrolls
Depths:3 5 runed doors
Pan Cerebov

Inventory:

Hand weapons
 Z - a cursed +3 blowgun
Missiles
 f - 34 curare-tipped needles
 k - 4 needles of frenzy
 n - 14 needles of sleeping
 t - 3 throwing nets
 A - 95 large rocks (quivered)
Armour
 G - a +0 gold dragon armour
 L - the +2 cloak of the Dropbear (worn) {rPois rC- rN+ Dex+5}
   (You acquired it on level 2 of the Swamp)

   It affects your dexterity (+5).
   It makes you vulnerable to cold.
   It protects you from poison.
   It protects you from negative energy.
 R - the +4 skin of Zhor (melded) {rC+++}
   (You acquired it on level 14 of the Dungeon)

   It renders you almost immune to cold.
 U - the -2 hat of the Alchemist (worn) {rElec rPois rF+ rC+ rN+ MR+ rMut rCorr}
   (You acquired it on level 4 of the Snake Pit)

   It protects you from fire.
   It protects you from cold.
   It insulates you from electricity.
   It protects you from poison.
   It protects you from negative energy.
   It affects your resistance to hostile enchantments.
   It protects you from acid and corrosion.
   It protects you from mutation.
Jewellery
 i - a cursed ring of teleportation
 z - a +6 ring of protection (left claw)
 B - a +4 ring of protection
 K - a ring of protection from fire (right claw)
 S - an amulet of regeneration (around neck)
 V - a cursed ring of teleport control
Magical devices
 s - a wand of heal wounds (8) {@v2}
 E - a wand of digging (5)
Scrolls
 c - a scroll of amnesia
 d - 9 scrolls of fear
 e - 2 scrolls of summoning
 g - 11 scrolls of fog
 h - 23 scrolls of remove curse {@r2}
 o - 8 scrolls of blinking
 v - 3 scrolls of silence
 H - 13 scrolls of teleportation {@r4}
 J - 9 scrolls of identify {@r1}
 N - 5 scrolls of magic mapping
 T - 6 scrolls of recharging
 W - 4 scrolls of holy word
Potions
 b - 3 potions of magic
 j - 7 potions of heal wounds {@q2}
 u - 2 potions of resistance
 w - 4 potions of invisibility
 C - 19 potions of curing {@q1}
 D - a potion of cancellation
 F - 3 potions of flight
 I - a potion of cure mutation
 M - 2 potions of ambrosia {!q}
 O - 6 potions of might
 P - 6 potions of agility
 Q - 4 potions of brilliance
 X - a potion of restore abilities
Books
 x - an Akashic Record
Miscellaneous
 m - a phantom mirror
 q - a lamp of fire
 r - a phial of floods
 y - a sack of spiders {used: 2}
Comestibles
 a - 36 meat rations
 l - 11 bread rations
 p - 91 fruits

#....≈≈§≈≈&...#
#....≈≈§....#
#...........#
#...........#
#+#.......#+#
###..2### #'2'#
###.1&###
#####...)28.#####
.........2)........
.........)..)......
...................
.........)..........
...................
.....###.#..####.##
.....}..%...#
...4####...#


You could see Cerebov, a Brimstone Fiend and 4 balrugs.


Message History

The balrug completely resists.
The fireball engulfs the sun demon.
The sun demon completely resists.
The fireball engulfs the balrug.
The balrug completely resists.
The balrug gestures at you. The bolt of fire misses you.
Cerebov hits you but does no damage. The balrug gestures at you.
The fireball explodes!
The fireball engulfs Cerebov.
Cerebov appears unharmed.
The fireball engulfs the balrug.
The balrug completely resists.
The fireball engulfs the balrug.
The balrug completely resists.
The fireball engulfs the balrug.
The balrug completely resists.
The fireball engulfs the Brimstone Fiend.
The Brimstone Fiend completely resists.
The fireball engulfs the sun demon.
The sun demon completely resists.
The fireball engulfs you!
* * * LOW HITPOINT WARNING * * *
K - a ring of protection from fire (right claw)
The orange demon closely misses you. The sun demon barely misses you.
The balrug barely misses you. The orange demon misses you.
The balrug misses you.
You can feel time thicken for a moment.
You kill the sun demon!
Cheibriados appreciates the change of pace.
You kill the balrug!
Cheibriados thoroughly appreciates the change of pace.
You kill the balrug!
Cheibriados thoroughly appreciates the change of pace.
You kill the balrug!
Cheibriados thoroughly appreciates the change of pace.
You can now step out of the time flow.
Cheibriados raises the support of your attributes as your movement slows.
You kill the orange demon!
Cheibriados appreciates the change of pace.
You kill the orange demon!
Cheibriados thoroughly appreciates the change of pace.
You feel somewhat more hungry.
You can no longer step out of the time flow.
Cheibriados reduces the support of your attributes as your movement quickens.
The balrug gestures at you.
The bolt of fire hits the Brimstone Fiend.
The Brimstone Fiend completely resists.
The bolt of fire hits Cerebov.
Cerebov completely resists.
The bolt of fire misses you.
Cerebov hits you with a great serpentine sword {flame}!
* * * LOW HITPOINT WARNING * * *
Cerebov burns you.
* * * LOW HITPOINT WARNING * * *
The balrug completely misses you.
Drink which item? (? for menu, Esc to quit)
You feel protected.
Cerebov gestures.
Cerebov seems to speed up.
The balrug hits you with a vampiric demon whip!
* * * LOW HITPOINT WARNING * * *
You are engulfed in flames!
You resist.
* * * LOW HITPOINT WARNING * * *
The balrug gestures at you.
The fireball explodes!
The fireball engulfs Cerebov.
Cerebov completely resists.
The fireball engulfs the balrug.
The balrug completely resists.
The fireball engulfs the balrug.
The balrug completely resists.
The fireball engulfs the Brimstone Fiend.
The Brimstone Fiend completely resists.
The fireball engulfs the balrug.
The balrug completely resists.
The fireball engulfs you! You resist.
* * * LOW HITPOINT WARNING * * *
Cerebov hits you with a great serpentine sword {flame}!!!
* * * LOW HITPOINT WARNING * * *
Cerebov burns you.
* * * LOW HITPOINT WARNING * * *
The balrug hits you with a vampiric demon whip.
* * * LOW HITPOINT WARNING * * *
You are engulfed in flames.
You resist.
You die...

Action                   |  1- 3 |  4- 6 |  7- 9 | 10-12 | 13-15 | 16-18 | 19-21 | 22-24 | 25-27 || total
-------------------------+-------+-------+-------+-------+-------+-------+-------+-------+-------++-------
Melee: Unarmed           |    90 |   218 |   207 |   593 |  1235 |  1031 |  1041 |   929 |  1757 ||  7101
 Fire: Blowgun           |       |       |       |       |       |     2 |       |       |       ||     2
Throw: Large rock        |       |       |     3 |    18 |    57 |    74 |    32 |    71 |    95 ||   350
       Tomahawk          |       |       |     1 |       |    28 |    96 |    51 |     2 |       ||   178
       Throwing net      |       |       |       |       |     1 |       |       |       |       ||     1
 Cast: Blink             |       |       |       |     1 |     2 |       |       |       |       ||     3
       Shroud of Golubri |       |       |       |     1 |       |       |    14 |     6 |     2 ||    23
       Repel Missiles    |       |       |       |       |       |     5 |    32 |     9 |     9 ||    55
       Statue Form       |       |       |       |       |       |     1 |     3 |    10 |    50 ||    64
       Apportation       |       |       |       |       |       |     1 |     1 |       |    92 ||    94
Invok: Bend Time         |       |       |     4 |     2 |     9 |     2 |       |       |       ||    17
       Slouch            |       |       |       |     2 |    25 |    22 |    14 |    18 |    28 ||   109
       Step From Time    |       |       |       |     1 |       |       |       |       |       ||     1
 Abil: End Transformatio |       |       |       |       |       |       |       |     1 |     1 ||     2
Evoke: Wand              |       |       |       |       |     3 |     3 |       |       |     6 ||    12
       Sack of spiders   |       |       |       |       |     3 |       |       |       |       ||     3
       Phial of floods   |       |       |       |       |     1 |       |       |       |       ||     1
  Use: Scroll            |       |     1 |     9 |     7 |    22 |    22 |     7 |     2 |    15 ||    85
       Potion            |       |       |       |       |     3 |     5 |     4 |     3 |     9 ||    24
 Stab: Sleeping          |       |       |     1 |     6 |     6 |     5 |    11 |     2 |     4 ||    35
       Distracted        |       |       |       |     2 |     3 |     1 |     5 |     1 |    13 ||    25
       Invisible         |       |       |       |       |     2 |       |     4 |       |       ||     6
  Eat: Chunk             |    14 |    21 |    29 |    40 |    91 |    81 |    82 |    57 |    58 ||   473
       Pizza             |       |       |       |       |       |     2 |     1 |       |     7 ||    10
       Beef jerky        |       |       |       |       |       |     2 |       |       |    15 ||    17
       Royal jelly       |       |       |       |       |       |     1 |       |     1 |       ||     2
       Bread ration      |       |       |       |       |       |       |       |       |    16 ||    16

Vault maps used:
D:1:      dpeg_arrival_subterranean_lakeside_camping, serial_bayou_pond_b
D:2:      elyvilon_altar_3, zin_angel
D:3:      nicolae_overflow_hidden_temple, gup_sewer_entry_bubbles
D:4:      lemuel_doored_altar, serial_shops, shop, minmay_ruptured,
          uniq_eustachio, uniq_pikel
D:5:      led_sif_book, minmay_temple_entry_statues, serial_shops,
          nicolae_shop_overgrown_old_shop, first_bread
D:7:      serial_shops, shop, cheibrodos_ashenzari_chains, uniq_joseph,
          uniq_sigmund, uniq_edmund
D:8:      gammafunk_temple_overflow_elements, blue_anna_alchemist
D:9:      lemuel_insect_pit, kennysheep_generic_room_2
D:10:     old_forge, erik_lair_orcish_takeover, zombieorc2_lemuel, basic_altar,
          nicolae_ru_sacrificial_ziggurat, uniq_fannar
D:11:     nicolae_dithmenos_the_darkroom, uniq_nessos
D:13:     serial_glass, glass_columns_c, glass_columns_c, minmay_misc_feat_cross
D:14:     lightli_vaults_fourway_checkpoint, nrook_uturn, serial_shops,
          nicolae_shop_behind_doors, minmay_stone_trees_small, uniq_sonja,
          uniq_louise, uniq_snorg
D:15:     grunt_enter_depths_giant_problem, serial_bayou_shore_b,
          serial_bayou_lagoon_a, fedhas_bush_and_centaur_altar
Temple:   chambers_temple_12
Lair:1:   basic_altar, wad_woods_antlair
Lair:2:   beast_lair_carwin_large_1, serial_bayou_pond_c, serial_bayou_pond_e,
          minivault_27
Lair:3:   grunt_forest_large_clearings, serial_bayou_shore_b
Lair:4:   minmay_swamp_entry_worms, minmay_snake_entry_six_corridors,
          minivault_27, lemuel_fruit_tree
Lair:6:   slime_altar_1, basic_altar, uniq_maud
Lair:7:   beast_lair_carwin_1
Lair:8:   wormcave, hangedman_lair_in_review, minmay_lindwurm_lava, uniq_erica
Swamp:1:  evilmike_swamp_ruin_rubble_2, swamp_pool4
Swamp:2:  infiniplex_staircase_pool, uniq_agnes, uniq_aizul
Swamp:3:  evilmike_swamp_ruin_house_1, swamp_pool1
Swamp:4:  hangedman_swamp_lotus
Swamp:5:  swamp_old_school, swamp_pool5, infiniplex_staircase_pool_2
Snake:1:  serial_bayou, serial_bayou_shore_b, serial_bayou_pond_d,
          serial_bayou_lake_a, serial_bayou_pond_b, basic_altar,
          fake_guardian_serpent_vault, uniq_josephine
Snake:2:  serial_shops, shop, hangedman_snake_corridor_split,
          grunt_megastairs_3, uniq_vashnia, uniq_nikola, uniq_kirke
Snake:3:  serial_bayou_shore_a, basic_stair_grate_trap, grunt_megastairs_1
Snake:4:  nicolae_sea_snake_s, grunt_ministairs_9, serial_bayou_ford_a,
          basic_stair_grate_trap, serial_bayou_shore_b, grunt_megastairs_4
Snake:5:  grunt_snake_rune_serpentine_throne
Slime:1:  cheibrodos_slime_lost_civilization_6
Slime:3:  basic_altar, uniq_donald
Slime:4:  nicolae_slime_phagocytosis
Orc:1:    minmay_goldmine, serial_shops, shop
Orc:2:    basic_altar
Orc:3:    portal_ice_cave_entry_pillars_01, nicolae_orc_pool_cavern, bloody_trog
Orc:4:    grunt_orc_tribal_feast, mines5_lemuel
Vaults:1: hangedman_vaults_stitches, vaults_dpeg_diagonal,
          nicolae_vaults_rhombus_5, v_misc_16, v_alt_pattern_2,
          grunt_vaults_funnel, serial_shops, shop_statue
Vaults:2: grunt_vaults_trifunnel, hangedman_vaults_stagger,
          blue_anna_dwarven_crypt, vaults_room_octagon,
          ontoclasm_vaults_claustrophobia,
          vaults_standard_mumra_enter_the_diamond, v_pattern_4,
          hangedman_vaults_corner, vaults_mumra_hex, ontoclasm_vaults_idyll,
          v_misc_14, basic_altar
Vaults:3: v_misc_30, hangedman_vaults_restitches, vaults_standard_mumra_lines,
          grunt_vaults_hallway_short, hangedman_vaults_hard_town_square,
          nicolae_vaults_little_squares_5, grunt_vaults_twisty, v_misc_8,
          v_misc_27, vaults_mumra_lcd, serial_shops, shop_fountains, uniq_xtahua
Vaults:4: nicolae_vaults_circle_grid_b, hangedman_vaults_pinch,
          nicolae_vaults_octagons, vaults_room_boxed,
          nicolae_vaults_mini_display_case, nicolae_vaults_sealed_display,
          grunt_vaults_diagonal, nicolae_vaults_circle_grid_b, serial_ice_h,
          v_pattern_1, serial_shops, nicolae_shop_trees, shop_coins,
          nicolae_shop_crystal, shop, uniq_margery
Vaults:5: serial_shops, uniq_mara
Crypt:1:  weyrava_vampire_temple, grunt_crypt_arrival_split
Crypt:2:  uniq_mennas
Crypt:3:  david_glass_crypt, uniq_khufu
Depths:1: nicolae_trove_entry_free_sample, grunt_hell_horde, grunt_decor_cap,
          kennysheep_generic_room_9
Depths:2: nicolae_whirlpool, hangedman_coc_ice_floe, st_stairs_3, nicolae_wwwww
Depths:3: grunt_deathspiral_small, enter_ziggurat_a,
          hangedman_abyss_or_decor_slice, abyss_entry_flame_altar, hellmouth_1,
          rand_demon_pan_entry_3, minivault_15, minmay_acid_items, uniq_norris
Depths:4: evilmike_negative_zone, abyss_entry, grunt_pan_entry_spiral,
          hell_entry, kennysheep_boxes, uniq_sojobo
Depths:5: grunt_crosshair, hell_entry, abyss_entry, serial_co_window_serial,
          co_window_paths_a, co_window_corner_a, co_window_corner_a,
          co_window_of_opportunity_a, co_window_corner_a, co_window_2corner,
          co_window_broadway_c, co_window_of_opportunity_c, co_window_cross_4,
          co_window_corner_b, co_window_paths_d, glass_columns_a,
          glass_columns_a, glass_columns_c, glass_columns_b, glass_columns_c,
          uniq_frederick
Pan:      nicolae_pan_giant_door, pan_blood_fountain_2,
          nicolae_pan_door_chamber, reaverb_pan_figure_eight,
          lemuel_hellion_island, pan_blood_fountain, pan_blood_fountain_small,
          nicolae_pan_mnolegish_1, grunt_pan_sceptre, pan_blood_fountain_small,
          grunt_pan_frozen_over, evilmike_mini_pan_corner, grunt_pan_pentagram,
          pan_blood_fountain_small, evilmike_mini_pan_pillars, rand_demon_2,
          grunt_pan_spiral, pan_blood_fountain_small, nicolae_pan_sigil_uleosi,
          rand_demon_7, pan_blood_fountain_small, pan_blood_fountain,
          rand_demon_5, nicolae_pan_cerebovesque_3, evilmike_mini_pan_doors,
          rand_demon_1, evilmike_mini_pan_pillars_b, pan_blood_fountain_2,
          rand_demon_7, evilmike_mini_pan_doors_b, evilmike_mini_pan_thingy,
          nicolae_pan_cerebovesque_1, rand_demon_4, evilmike_mini_pan_pillars_b,
          pan_blood_fountain_small, enter_ziggurat_pan_c,
          nicolae_pan_lom_lobonic_3, nicolae_pan_sigil_eeng, rand_demon_1,
          pan_blood_fountain, pan_blood_fountain_small, pan_blood_fountain_2,
          nicolae_pan_mnolegish_5, cerebov_grunt, nicolae_pan_gloorx_vloqian_1
IceCv:    ice_cave_small_demon

Notes
Turn   | Place    | Note
--------------------------------------------------------------
     0 | D:1      | Sixotanaka, the Troll Warper, began the quest for the Orb.
     0 | D:1      | Reached XP level 1. HP: 19/19 MP: 2/2
   109 | D:1      | Reached XP level 2. HP: 24/27 MP: 2/2
   209 | D:1      | Reached skill level 3 in Unarmed Combat
   420 | D:1      | Reached XP level 3. HP: 33/33 MP: 3/3
   872 | D:2      | Reached skill level 4 in Unarmed Combat
   983 | D:2      | Reached XP level 4. HP: 32/41 MP: 4/4
  1201 | D:2      | Found a white marble altar of Elyvilon.
  1321 | D:2      | Found a glowing silver altar of Zin.
  1322 | D:2      | Noticed an angel
  1670 | D:3      | Reached skill level 5 in Unarmed Combat
  1734 | D:3      | Reached XP level 5. HP: 45/48 MP: 4/4
  2000 | D:3      | Found a shattered altar of Ashenzari.
  2266 | D:4      | Found Imunerah's Book Shop.
  2292 | D:4      | Reached skill level 6 in Unarmed Combat
  2330 | D:4      | zzxc: elliptic on 20 wins
  2330 | D:4      | zzxc: equal to his previous best
  2330 | D:4      | Sixotanaka: damn
  2330 | D:4      | zzxc: and
  2330 | D:4      | zzxc: he only just did DD
  2365 | D:4      | zzxc: DDAs
  2383 | D:4      | zzxc: not sure ewhy he left it so late
  2424 | D:4      | Reached XP level 6. HP: 55/55 MP: 5/5
  2450 | D:4      | zzxc: actually
  2459 | D:4      | zzxc: seeing him play DDAs
  2467 | D:4      | zzxc: inspired my DD pick
  2538 | D:4      | zzxc: walkerboh's on 10 wins
  2586 | D:4      | Reached skill level 7 in Unarmed Combat
  2587 | D:4      | zzxc: drke was on 8 but died
  2647 | D:4      | Found an opulent altar of Gozag.
  2782 | D:4      | zzxc: drke leads the tournament
  2910 | D:4      | Noticed Eustachio
  2911 | D:4      | zzxc: but morganleah, walkerboh, yermak, tolias
  2912 | D:4      | zzxc: all close
  2980 | D:5      | Entered Level 5 of the Dungeon
  3000 | D:5      | Found a deep blue altar of Sif Muna.
  3058 | D:5      | zzxc: sphara still on his 10 win streak
  3068 | D:5      | zzxc: all 15 runes
  3075 | D:5      | zzxc: so its' taking him forever lol
  3103 | D:5      | Sixotanaka: lol
  3126 | D:5      | Learned a level 2 spell: Blink
  3129 | D:5      | zzxc: 15 wins will get me a spot in the top 10
  3152 | D:5      | zzxc: but
  3166 | D:5      | zzxc: with walkerboh and sphara
  3168 | D:5      | zzxc: idk
  3175 | D:5      | zzxc: maybe they will go further
  3203 | D:5      | zzxc: lol
  3210 | D:5      | zzxc: door game
  3214 | D:5      | zzxc: risky
  3279 | D:5      | zzxc: and doesnt work well when multiple enemies
  3280 | D:5      | Reached XP level 7. HP: 62/62 MP: 5/5
  3297 | D:5      | Reached skill level 8 in Unarmed Combat
  3298 | D:5      | Sixotanaka: mm
  3298 | D:5      | Sixotanaka: wanted to waste turns
  3298 | D:5      | zzxc: but kitiing so good with troll
  3298 | D:5      | zzxc: and VS
  3298 | D:5      | Sixotanaka: and i'm lagging a little
  3359 | D:5      | zzxc: yeah
  3359 | D:5      | zzxc: running wastes turns tho
  3362 | D:5      | Sixotanaka: yeah i know dude
  3415 | D:5      | zzxc: lol
  3429 | D:5      | zzxc: REVELATION
  3431 | D:5      | Found Skuczi's Assorted Antiques.
  3442 | D:5      | zzxc: ow
  3442 | D:5      | zzxc: one of thse
  3442 | D:5      | zzxc: is a good item
  3442 | D:5      | zzxc: but which one
  3442 | D:5      | Sixotanaka: clearly the robes
  3442 | D:5      | Bought an embroidered robe for 18 gold pieces
  3453 | D:5      | zzxc: that was a good pick
  3524 | D:5      | Found a staircase to the Ecumenical Temple.
  3525 | D:5      | zzxc: 18g for 2 ac
  3638 | Temple   | Entered the Ecumenical Temple
  3749 | Temple   | Sixotanaka: ur gonna turn off
  3749 | Temple   | Sixotanaka: now
  3749 | Temple   | zzxc: NOOOOOOOOO
  3754 | Temple   | zzxc: NOOOOOOOOOOOOOOOOOOOOOOOOOOOO
  3755 | Temple   | zzxc: NOOOOOOOOOOOOOOOOOOOOOOOOOOOOOOOOOOOOOOOOOOOOOOOOOOOOOOOOOOO
  3755 | Temple   | Became a worshipper of Cheibriados the Contemplative
  3918 | D:5      | zzxc: Simm won in 54mins
  3924 | D:5      | zzxc: that must be the record now
  4067 | D:6      | Reached skill level 9 in Unarmed Combat
  4107 | D:6      | Sixotanaka: lol
  4123 | D:6      | Sixotanaka: i wonder what fastest 15 rune was
  4145 | D:6      | Reached XP level 8. HP: 70/70 MP: 6/6
  4487 | D:7      | zzxc: 2h 30m
  4489 | D:7      | Acquired Cheibriados' first power
  4500 | D:7      | zzxc: by simm also
  4503 | D:7      | Sixotanaka: woha
  4504 | D:7      | Reached skill level 10 in Unarmed Combat
  4622 | D:7      | Noticed Edmund
  4622 | D:7      | Sixotanaka: i'd like to see crawl at AGDQ
  4625 | D:7      | Sixotanaka: but
  4625 | D:7      | Sixotanaka: it'd be impossible
  4638 | D:7      | Killed Edmund
  4755 | D:7      | Noticed Joseph
  4775 | D:7      | Found Truek's Jewellery Shoppe.
  4785 | D:7      | zzxc: whats that
  4785 | D:7      | zzxc: nice store
  4785 | D:7      | Sixotanaka: speedrun event
  4785 | D:7      | Sixotanaka: they speedrun games for charity for like 2 weeks straigh
  4785 | D:7      | Sixotanaka: straight
  4812 | D:7      | Found a shattered altar of Ashenzari.
  4818 | D:7      | Noticed Sigmund
  4828 | D:7      | zzxc: im not sure
  4832 | D:7      | zzxc: anyone can understand
  4832 | D:7      | Sixotanaka: lol
  4832 | D:7      | zzxc: watching dcss speedran
  4832 | D:7      | Sixotanaka: if u win
  4832 | D:7      | Sixotanaka: in under an hour
  4832 | D:7      | Sixotanaka: it'd be impressive
  4832 | D:7      | Sixotanaka: just the pace
  4843 | D:7      | Sixotanaka: UGH I CANT CTRL 3
  4843 | D:7      | zzxc: just
  4843 | D:7      | zzxc: move to him
  4850 | D:7      | Killed Sigmund
  4857 | D:7      | Sixotanaka: sigmund is a joke to trolls
  4863 | D:7      | zzxc: you have good ac tho
  4863 | D:7      | Sixotanaka: rneg
  4863 | D:7      | Sixotanaka: too
  4863 | D:7      | zzxc: not like normal troll
  4883 | D:7      | Reached skill level 11 in Unarmed Combat
  4884 | D:7      | zzxc: someeonee
  4932 | D:7      | zzxc: in tourny
  4937 | D:7      | zzxc: 106 ac
  4943 | D:7      | Sixotanaka: WAT
  4969 | D:7      | zzxc: 40 ev
  5115 | D:7      | Sixotanaka: holy fuck link
  5115 | D:7      | Sixotanaka: that
  5155 | D:7      | zzxc: http://dobrazupa.org/morgue/Tmana/morgue-Tmana-20150319-062102.txt
  5155 | D:7      | Sixotanaka: +3 pair of gauntlets of War {Slay+5} ring of Robustness {AC+8}
  5155 | D:7      | Sixotanaka: not just AC thats amazing
  5155 | D:7      | Sixotanaka: amulet of the Air {Inacc +Fly rElec EV+5 RMsl}
  5155 | D:7      | zzxc: im disappointed he didnt mut roulette
  5155 | D:7      | Sixotanaka: rofl
  5348 | D:7      | Sixotanaka: armour fits poorly
  5676 | D:7      | Sixotanaka: i dont think that can be touched
  5676 | D:7      | Sixotanaka: anyway
  5933 | D:8      | Sixotanaka: u know
  5933 | D:8      | Sixotanaka: fiveo would like chei
  5933 | D:8      | Sixotanaka: since he never runs anyway
  5933 | D:8      | Sixotanaka: or uses haste
  5943 | D:7      | zzxc: he also doesnt play tactically
  5953 | D:8      | zzxc: so it's like
  5953 | D:8      | Reached XP level 9. HP: 47/76 MP: 7/7
  5957 | D:8      | zzxc: instadeath
  6009 | D:8      | zzxc: he'll just tab tab dead
  6111 | D:8      | zzxc: his ideal god would be
  6133 | D:8      | zzxc: makhleb
  6163 | D:8      | zzxc: or maybe ru
  6165 | D:8      | zzxc: im yet to try ru
  6166 | D:8      | zzxc: will do after streak
  6167 | D:8      | Sixotanaka: ya
  6167 | D:8      | Sixotanaka: was about to say
  6167 | D:8      | zzxc: apparently strong god
  6167 | D:8      | Sixotanaka: after you splat should be fun
  6167 | D:8      | zzxc: lol
  6186 | D:8      | Sixotanaka: i feel like it's very easy to ruin your char
  6186 | D:8      | Sixotanaka: with him
  6189 | D:8      | Learned a level 2 spell: Shroud of Golubria
  6218 | D:8      | zzxc: ru?
  6221 | D:8      | zzxc: um
  6221 | D:8      | Sixotanaka: ya
  6224 | D:8      | zzxc: he's like chei
  6227 | D:8      | Reached skill level 12 in Unarmed Combat
  6229 | D:8      | zzxc: big upsides
  6258 | D:8      | zzxc: big downsides
  6263 | D:8      | zzxc: but even better than chei
  6264 | D:8      | zzxc: he allows you to customise
  6273 | D:8      | zzxc: your downsides
  6284 | D:8      | Sixotanaka: ya
  6284 | D:8      | Sixotanaka: i have played hnim
  6284 | D:8      | Sixotanaka: a few times
  6335 | D:8      | zzxc: I saw a guy sacrifice dodging
  6335 | D:8      | Sixotanaka: just went yolo
  6335 | D:8      | zzxc: on a draconian....
  6335 | D:8      | Sixotanaka: and sacrificed everything
  6335 | D:8      | Sixotanaka: ROFL
  6340 | D:8      | zzxc: he died
  6341 | D:8      | zzxc: ofc
  6387 | D:8      | zzxc: but with some thought and planning
  6438 | D:8      | Found a sparkling altar of Nemelex Xobeh.
  6438 | D:8      | Found a burning altar of Makhleb.
  6483 | D:8      | zzxc: you can make a really strong char
  6488 | D:8      | zzxc: and work around what you sac
  6488 | D:8      | Sixotanaka: just like chei
  6505 | D:8      | zzxc: yes to some extent
  6505 | D:8      | Sixotanaka: like ur DD
  6505 | D:8      | Sixotanaka: never needed to haste
  6505 | D:8      | Sixotanaka: or run
  6505 | D:8      | Sixotanaka: and when he did need to run tp was only option anyway
  6505 | D:8      | zzxc: late game no
  6573 | D:8      | zzxc: I still did move around
  6574 | D:8      | zzxc: tactically
  6582 | D:8      | zzxc: but it's cos my char was broken as
  6582 | D:8      | Sixotanaka: invis centaur
  6586 | D:8      | Acquired Cheibriados' second power
  6588 | D:8      | zzxc: lol wot
  6616 | D:8      | Sixotanaka: drunk a pot
  6616 | D:8      | zzxc: yay fiveo is on the team now
  6668 | D:9      | zzxc: no wins only splats
  6677 | D:9      | zzxc: we're 58th
  6679 | D:9      | zzxc: our team
  6754 | D:9      | Reached skill level 13 in Unarmed Combat
  6755 | D:9      | zzxc: you have VpEE highscore lol
  6805 | D:9      | Reached skill level 1 in Invocations
  6810 | D:9      | zzxc: lol you get more points for winning FE
  6829 | D:9      | zzxc: than Wn
  6940 | D:9      | zzxc: meaning Wn is more popular
  6999 | D:9      | Found a runed door.
  7029 | D:9      | Sixotanaka: yay stats
  7029 | D:9      | Sixotanaka: just what i needed
  7029 | D:9      | Sixotanaka: rofl what
  7081 | D:9      | zzxc: rip
  7082 | D:9      | Reached skill level 2 in Invocations
  7087 | D:9      | Reached skill level 3 in Invocations
  7140 | D:9      | Sixotanaka: ehehe
  7140 | D:9      | zzxc: wait why are they sloed
  7140 | D:9      | zzxc: slowed
  7140 | D:9      | zzxc: o
  7173 | D:9      | zzxc: forgot that even existed
  7198 | D:9      | Sixotanaka: useful in those situations
  7198 | D:9      | Sixotanaka: splatted so many of these
  7204 | D:9      | zzxc: I justremember the one where enemies get closer to you
  7206 | D:9      | zzxc: and the one where you disappear for a year
  7218 | D:9      | zzxc: and the one that kills everything
  7238 | D:9      | Sixotanaka: not slouch?
  7238 | D:9      | zzxc: that one
  7238 | D:9      | Sixotanaka: u dotn remember shatter castable before lair?
  7245 | D:9      | Noticed a komodo dragon
  7258 | D:9      | Killed a komodo dragon
  7258 | D:9      | Reached skill level 4 in Invocations
  7273 | D:9      | Reached XP level 10. HP: 83/85 MP: 8/11
  7409 | D:9      | Acquired Cheibriados' third power
  7427 | D:9      | Found a runed door.
  7462 | D:10     | Entered Level 10 of the Dungeon
  7483 | D:10     | Sixotanaka: thought there'd be some funny description to it
  7516 | D:10     | Noticed Fannar
  7529 | D:10     | HP: 18/85 [ice beast[Fannar] (12)]
  7530 | D:10     | Killed Fannar
  7530 | D:10     | Reached skill level 5 in Invocations
  7677 | D:10     | Reached skill level 6 in Invocations
  7726 | D:10     | zzxc: (3:25:04 AM) Gretell: azzkikr the Executioner (L17 MiBe), worshipper of Trog, blown up by an orb spider on Spider:4, with 153809 points after 33660 turns and 1:25:09. (3:25:09 AM) Azzkikr: Wow (3:25:14 AM) Azzkikr: HUBRIS AHOY
  7728 | D:10     | Sixotanaka: lol
  7728 | D:10     | Sixotanaka: well i almost ripped just then
  7728 | D:10     | Sixotanaka: to fannar
  7728 | D:10     | Sixotanaka: but i ate him
  7736 | D:10     | Sixotanaka: when u slow people
  7736 | D:10     | Sixotanaka: and just rip into them with claws
  7736 | D:10     | Sixotanaka: pretty hard for anything to match ur dmg
  7775 | D:10     | Found a staircase to the Orcish Mines.
  7784 | D:10     | zzxc: chei sux
  7794 | D:10     | zzxc: you should've worshipped ru
  7798 | D:10     | zzxc: do it when you rip ok
  7811 | D:10     | zzxc: or just do it now
  7826 | D:10     | Sixotanaka: lol just abandon
  7842 | D:10     | zzxc: well
  7844 | D:10     | zzxc: this guy is dead anyway
  7846 | D:10     | Reached skill level 7 in Invocations
  7865 | D:10     | zzxc: chei is like
  7865 | D:10     | Sixotanaka: well
  7865 | D:10     | zzxc: xom in a closet
  7865 | D:10     | Sixotanaka: ur never going to do it
  7865 | D:10     | Sixotanaka: and we need one for clan right?
  7865 | D:10     | zzxc: dont need anything
  7921 | D:10     | zzxc: but you get points per distinct gods/species/backgrounds
  7929 | D:10     | Sixotanaka: yep
  7929 | D:10     | zzxc: still need ru then
  7939 | D:10     | zzxc: and fedhas
  7947 | D:10     | Reached skill level 2 in Dodging
  7952 | D:10     | zzxc: annnd
  7952 | D:10     | zzxc: sif
  7952 | D:10     | Sixotanaka: i cant do ru
  7952 | D:10     | Sixotanaka: well
  7952 | D:10     | Sixotanaka: that's why i was planning on sif
  7952 | D:10     | Sixotanaka: for vp
  7957 | D:10     | zzxc: Ru
  7957 | D:10     | Sixotanaka: but
  7957 | D:10     | Sixotanaka: I CAN do chei
  7960 | D:10     | zzxc: I would be interested to watch ru
  7984 | D:10     | zzxc: ru would go well with troll
  7996 | D:10     | zzxc: this is rip material
  7996 | D:10     | zzxc: lo
  7997 | D:10     | Acquired Cheibriados' fourth power
  8001 | D:10     | Reached skill level 3 in Dodging
  8009 | D:10     | Sixotanaka: u underestimate
  8009 | D:10     | Sixotanaka: how fuckign strong this char is
  8075 | D:10     | zzxc: ye I can see how much benefit chei is giving
  8078 | D:10     | zzxc: such isnane stats
  8078 | D:10     | Sixotanaka: didnt u see me slouch
  8078 | D:10     | Sixotanaka: kill 2 things, put the warg to 10%
  8143 | D:10     | zzxc: THE WARG TO 10%!
  8146 | D:10     | Noticed a hill giant
  8148 | D:10     | zzxc: SOMEONE CALL AN AMBULANCE!
  8153 | D:10     | Found a staircase to the Lair.
  8188 | D:10     | zzxc: chei interferes with my preferred method of ascending
  8201 | D:10     | Found a basalt altar of Yredelemnul.
  8202 | D:10     | zzxc: which is using a blowgun
  8212 | D:10     | Reached skill level 4 in Dodging
  8241 | D:10     | Sixotanaka: what are those walls
  8241 | D:10     | Sixotanaka: doing
  8241 | D:10     | zzxc: bee hive
  8241 | D:10     | zzxc: or gozag/tso vault
  8241 | D:10     | Sixotanaka: i've seen oka too
  8241 | D:10     | Sixotanaka: have those walls
  8253 | D:10     | zzxc: PROBS GOLD INSIDE
  8267 | D:10     | Killed a hill giant
  8298 | D:10     | Reached skill level 5 in Dodging
  8341 | D:10     | zzxc: hill giant with giant club
  8343 | D:10     | zzxc: can do up to 50 dmg
  8343 | D:10     | zzxc: in one hit
  8343 | D:10     | Sixotanaka: 85 hp
  8343 | D:10     | zzxc: interesting
  8343 | D:10     | Sixotanaka: WAS SAFE DUDE
  8343 | D:10     | Sixotanaka: DW
  8343 | D:10     | zzxc: ya but then ur dead anyway
  8344 | D:10     | zzxc: hilariousdeathartist just ascended a 15 runer
  8360 | D:10     | Found a sacrificial altar of Ru.
  8363 | D:10     | zzxc: our coloured friend
  8363 | D:10     | Sixotanaka: ru!
  8365 | D:10     | zzxc: RU
  8371 | D:10     | zzxc: RU RU RU RUUU
  8377 | D:10     | zzxc: RU RU RU RUUUUUUUUUUUUU
  8435 | D:10     | zzxc: ru ru ru
  8462 | D:10     | Reached skill level 1 in Evocations
  8464 | D:10     | zzxc: oh
  8470 | D:10     | zzxc: vampire bats
  8474 | D:10     | zzxc: or sth /
  8497 | D:10     | zzxc: some special enemy
  8525 | D:10     | zzxc: that vault rings a bell
  8529 | D:10     | zzxc: but it wasnt the one
  8558 | D:10     | Sixotanaka: where are all these bees coming from
  8558 | D:10     | zzxc: chei's presence
  8558 | D:10     | zzxc: attracts bees
  8558 | D:10     | Sixotanaka: https://www.youtube.com/watch?v=xAhuSDRIDHE
  8558 | D:10     | Sixotanaka: this box
  8565 | D:10     | Reached skill level 2 in Evocations
  8577 | D:10     | Sixotanaka: many pietys
  8580 | D:10     | Reached XP level 11. HP: 90/92 MP: 17/17
  8754 | D:10     | Reached skill level 3 in Evocations
  8755 | D:10     | zzxc: 139 minotaur wins
  8755 | D:10     | zzxc: 9 mummy wins
  8756 | D:10     | Sixotanaka: lol
  8761 | D:10     | zzxc: i mean 8
  8957 | D:10     | zzxc: human only 15 wins
  8971 | D:10     | zzxc: spriggan highelf halfling 16
  8979 | D:10     | zzxc: VM only 13 wins
  9019 | D:10     | zzxc: highest scoring background
  9026 | Orc:1    | Entered Level 1 of the Orcish Mines
  9034 | Orc:1    | zzxc: CK 14
  9034 | Orc:1    | zzxc: AM 15
  9057 | D:10     | zzxc: fighter 146 wins
  9059 | D:10     | zzxc: lololl
  9064 | D:10     | zzxc: berserker 121
  9064 | D:10     | Sixotanaka: be?
  9064 | D:10     | Sixotanaka: lol
  9064 | D:10     | Sixotanaka: fi more than be?
  9064 | D:10     | Sixotanaka: wot
  9065 | Lair:1   | Entered Level 1 of the Lair of Beasts
  9065 | Lair:1   | Found a glowing silver altar of Zin.
  9066 | Lair:1   | zzxc: idk
  9080 | Lair:1   | zzxc: jiyva 9
  9081 | Lair:1   | Reached skill level 4 in Evocations
  9082 | Lair:1   | zzxc: trog 146
  9090 | Lair:1   | zzxc: oka 128
  9094 | Lair:1   | zzxc: makhle 56
  9105 | Lair:1   | zzxc: kiku 13
  9111 | Lair:1   | zzxc: fedhas yred 14
  9124 | Lair:1   | zzxc: top score DDBe
  9129 | Lair:1   | zzxc: 30k turn
  9137 | Lair:1   | Sixotanaka: course
  9137 | Lair:1   | Sixotanaka: 30k turn 15 rune right?
  9149 | Lair:1   | zzxc: 4th has 2-4 and 6th
  9150 | Lair:1   | Reached skill level 5 in Evocations
  9157 | Lair:1   | zzxc: ye
  9162 | Lair:1   | Sixotanaka: who by?
  9175 | Lair:1   | zzxc: TALISMASHER
  9177 | Lair:1   | Sixotanaka: lol
  9233 | Lair:1   | zzxc: if I did my GrFi
  9238 | Lair:1   | zzxc: in this tourny
  9257 | Lair:1   | zzxc: itwould be 6th
  9263 | Lair:1   | zzxc: so far
  9295 | Lair:1   | Sixotanaka: you'd beat a 4th win
  9295 | Lair:1   | Sixotanaka: amazing
  9342 | Lair:1   | Reached skill level 6 in Evocations
  9409 | Lair:1   | zzxc: and best Gr so far
  9707 | Lair:1   | Reached skill level 7 in Evocations
  9719 | Lair:1   | zzxc: rofl
  9724 | Lair:1   | zzxc: last nemelex choice
  9726 | Lair:1   | zzxc: was 36 hours ago
  9732 | Lair:1   | zzxc: noone has won it
  9737 | Lair:1   | zzxc: so there is no new one
  9737 | Lair:1   | Sixotanaka: what is?
  9737 | Lair:1   | zzxc: OpSu
  9737 | Lair:1   | Sixotanaka: ROFL
  9779 | Lair:1   | zzxc: gg nemelex
  9803 | Lair:1   | Sixotanaka: fancy choice
  9803 | Lair:1   | Sixotanaka: anyway
  9803 | Lair:1   | Sixotanaka: i'm gonna go to bed
  9803 | Lair:1   | Sixotanaka: i think
  9833 | Lair:1   | Reached skill level 3 in Translocations
  9893 | Lair:1   | Sixotanaka: honestly i think a big part of why I find chei strong
  9893 | Lair:1   | Sixotanaka: is because it forces me to not run towards shit
  9893 | Lair:1   | Sixotanaka: all the time
  9893 | Lair:1   | Sixotanaka: like i normally do
 10062 | Lair:1   | zzxc: our clan is 6th out of clans with 3 players or less
 10066 | Lair:1   | Reached skill level 4 in Translocations
 10070 | Lair:1   | Sixotanaka: nice
 10136 | Lair:1   | zzxc: I saw megaslime playing today
 10136 | Lair:1   | zzxc: and the other day
 10136 | Lair:1   | Sixotanaka: dude look
 10136 | Lair:1   | zzxc: no demise tho
 10136 | Lair:1   | Sixotanaka: i have as many curing
 10136 | Lair:1   | Sixotanaka: as i have cmut
 10136 | Lair:1   | zzxc: lol
 10136 | Lair:1   | zzxc: low amount of curing
 10136 | Lair:1   | Sixotanaka: yeah demise popped into my game the other day
 10136 | Lair:1   | zzxc: + high amount of cmut
 10136 | Lair:1   | Sixotanaka: and asked us to join his clan
 10136 | Lair:1   | Sixotanaka: i was saying we alreayd had one
 10136 | Lair:1   | Sixotanaka: but he already left
 10136 | Lair:1   | Sixotanaka: byt he time i finished typing
 10196 | Lair:1   | zzxc: weird
 10196 | Lair:1   | zzxc: his team's just himself and mega
 10208 | Lair:1   | zzxc: aus servers pls
 10209 | Lair:1   | zzxc: lol
 10216 | Lair:1   | Sixotanaka: rofl
 10216 | Lair:1   | Sixotanaka: need MORE AUS SERVER
 10216 | Lair:1   | zzxc: we want MULTIPLE
 10222 | Lair:1   | Noticed a five-headed hydra
 10223 | Lair:1   | Sixotanaka: hmm
 10223 | Lair:1   | Sixotanaka: this is a problem
 10223 | Lair:1   | Sixotanaka: lol
 10223 | Lair:1   | zzxc: neh just run upwards OH WAIT
 10223 | Lair:1   | zzxc: CHEI LOLZ
 10223 | Lair:1   | Sixotanaka: lol
 10224 | Lair:1   | Sixotanaka: gg
 10290 | Lair:1   | zzxc: gg piety
 10309 | Lair:2   | Sixotanaka: chei piety gains SO fast dude
 10309 | Lair:2   | Sixotanaka: it's unreal
 10356 | Lair:2   | Reached skill level 6 in Dodging
 10356 | Lair:2   | zzxc: trolll
 10356 | Lair:2   | zzxc: so strong
 10356 | Lair:2   | zzxc: makes chei look strong
 10356 | Lair:2   | zzxc: but chei no strong
 10356 | Lair:2   | Sixotanaka: troll with 36 str 27 dex
 10356 | Lair:2   | Reached XP level 12. HP: 69/100 MP: 19/19
 10419 | Lair:2   | zzxc: how much dodge
 10419 | Lair:2   | Sixotanaka: you get some nice scaling from unarmed
 10419 | Lair:2   | Sixotanaka: 6
 10419 | Lair:2   | zzxc: only 6
 10419 | Lair:2   | zzxc: wasting 28 dex
 10419 | Lair:2   | Sixotanaka: am leveling now
 10419 | Lair:2   | Sixotanaka: wanted to get some offenses online for hydras
 10419 | Lair:2   | Sixotanaka: just in case
 10419 | Lair:2   | zzxc: ppl think
 10419 | Lair:2   | Sixotanaka: but no wand dropped
 10419 | Lair:2   | zzxc: chei is decent caster god
 10419 | Lair:2   | zzxc: for the int
 10419 | Lair:2   | Sixotanaka: more for the str
 10419 | Lair:2   | Sixotanaka: than the int
 10419 | Lair:2   | zzxc: but
 10419 | Lair:2   | zzxc: for actual casters
 10419 | Lair:2   | zzxc: chei can work
 10419 | Lair:2   | Sixotanaka: str practically means you can wear w/e you want
 10419 | Lair:2   | Sixotanaka: anyway
 10419 | Lair:2   | Sixotanaka: gonna go to bed
 10419 | Lair:2   | Sixotanaka: see u tomorrow
 10419 | Lair:2   | zzxc: (3:47:32 AM) Ladykiller69: FUCK (3:47:46 AM) Ladykiller69: GOD DAMNIT (3:47:50 AM) Ladykiller69: FUCKING UNSEEN HORRORS (3:47:54 AM) Sizzell: PowerPlayer (L25 MiGl) killed Tiamat. (Zot:1) (3:48:09 AM) Eksell: Ladykiller69 the Destroyer (L10 DgWz), slain by an unseen horror on D:10, with 8346 points after 10865 turns and 1:20:44. (3:48:13 AM) Henzell: Dootley (L18 GrBe) reached level 5 of the Spider Nest. (Spider:5) (3:48:17 AM) Ladykiller69: FUCKING FUCK FUCK FUCK
 10419 | Lair:2   | Sixotanaka: not gonna play right when i wake up because that always kills me
 10419 | Lair:2   | Sixotanaka: lol
 10419 | Lair:2   | Sixotanaka: dude i died
 10419 | Lair:2   | Sixotanaka: because
 10419 | Lair:2   | Sixotanaka: i was lagging
 10419 | Lair:2   | Sixotanaka: and i pressed o
 10419 | Lair:2   | Sixotanaka: like 10 times
 10419 | Lair:2   | Sixotanaka: and there was an unseen horror
 10419 | Lair:2   | zzxc: lol
 10419 | Lair:2   | Sixotanaka: and he killed me
 10419 | Lair:2   | zzxc: but
 10419 | Lair:2   | zzxc: if unseen horror hits you
 10419 | Lair:2   | zzxc: should force more?
 10419 | Lair:2   | zzxc: or did I remove that
 10419 | Lair:2   | zzxc: cant remember
 10419 | Lair:2   | zzxc: gnight
 10419 | Lair:2   | zzxc: now i dont know what to do
 10419 | Lair:2   | zzxc: :|
 10419 | Lair:2   | zzxc: assignment due monday
 10419 | Lair:2   | zzxc: hard to start
 10419 | Lair:2   | zzxc: need to procrastinate
 10419 | Lair:2   | zzxc: but now you going to beed
 10419 | Lair:2   | Sixotanaka: lol
 10419 | Lair:2   | Sixotanaka: unseen horror hitting me forcing more
 10419 | Lair:2   | Sixotanaka: would piss me off
 10419 | Lair:2   | Sixotanaka: anyway GOING TO BED RIGHT NOW NO MORE NIGHT
 10419 | Lair:2   | zzxc: cya
 10566 | Lair:2   | Noticed a five-headed hydra
 10571 | Lair:2   | Killed a five-headed hydra
 10608 | Lair:2   | Reached skill level 7 in Dodging
 11041 | Lair:2   | Reached skill level 8 in Dodging
 11133 | Lair:2   | Fiveotanaka: so my DD is still alive
 11135 | Lair:2   | Fiveotanaka: :P
 11135 | Lair:2   | Sixotanaka: lol
 11135 | Lair:2   | Sixotanaka: that's good
 11149 | Lair:2   | Fiveotanaka: my trove had around 6 manuals
 11307 | Lair:3   | Sixotanaka: lol wot
 11314 | Lair:3   | Fiveotanaka: yeah
 11349 | Lair:3   | Fiveotanaka: armor/inv/ex/spc/conj/poison
 11355 | Lair:3   | Sixotanaka: thats a good trick for dealing with frogs
 11355 | Lair:3   | Sixotanaka: you swing rather than wait
 11355 | Lair:3   | Sixotanaka: so when they walk up, hit you and then blink
 11355 | Lair:3   | Fiveotanaka: nice tactic
 11355 | Lair:3   | Sixotanaka: you can get a hit in too
 11391 | Lair:3   | Fiveotanaka: just got back home
 11421 | Lair:3   | Fiveotanaka: so just setting some stuff up
 11586 | Lair:3   | Fiveotanaka: gotta call someone from recruitment agency, set up a hockey team, etc
 11599 | Lair:3   | Fiveotanaka: and write a bday card for dad
 11599 | Lair:3   | Sixotanaka: o cool
 11599 | Lair:3   | Sixotanaka: you've been productive
 11790 | Lair:3   | Reached skill level 9 in Dodging
 11880 | Lair:3   | Fiveotanaka: mum took a day off
 11909 | Lair:3   | Fiveotanaka: went to 400 gradi for lunch
 11914 | Lair:3   | Fiveotanaka: got dad a cake
 11918 | Lair:3   | Sixotanaka: o cool
 11936 | Lair:3   | Fiveotanaka: also remember about tomorrow for phil :P
 12437 | Lair:4   | Sixotanaka: ya
 12437 | Lair:4   | Sixotanaka: i know
 12440 | Lair:4   | Sixotanaka: will need an address or something tho
 12485 | Lair:4   | Reached skill level 10 in Dodging
 12527 | Lair:4   | Found a staircase to the Snake Pit.
 12684 | Lair:4   | Fiveotanaka: umm
 12740 | Lair:4   | Reached XP level 13. HP: 106/106 MP: 20/20
 12784 | Lair:4   | Fiveotanaka: lainey posted a map on the event wall
 12797 | Lair:4   | Sixotanaka: ah cool
 12797 | Lair:4   | Sixotanaka: that'll work
 12797 | Lair:4   | Fiveotanaka: http://i.imgur.com/8opgFaD.jpg
 12825 | Lair:4   | Found a staircase to the Swamp.
 12851 | Lair:4   | Fiveotanaka: it wasnt where i told you, but this map tells you where
 13182 | Lair:4   | Fiveotanaka: i have no idea how im gonna get there lol
 13366 | Lair:5   | Sixotanaka: ya
 13366 | Lair:5   | Sixotanaka: I'd offer to pick you up, but it's a bit out of the way
 13369 | Lair:5   | Fiveotanaka: would be fine if I drove but with transport might be hard
 13384 | Lair:5   | Fiveotanaka: yeah
 13482 | Lair:5   | Reached skill level 11 in Dodging
 13606 | Lair:5   | Fiveotanaka: maybe theres a bus that goes along that road
 13609 | Lair:5   | Fiveotanaka: will need to check up on it later
 13609 | Lair:5   | Sixotanaka: mm
 13609 | Lair:5   | Sixotanaka: i'll probably come along the eastern
 13751 | Lair:5   | Sixotanaka: 37°47'19.3"S 145°01'08.8"E
 13751 | Lair:5   | Sixotanaka: sweet
 13751 | Lair:5   | Sixotanaka: sam gave the coords in lat/long
 13751 | Lair:5   | Sixotanaka: rofl
 14328 | Lair:6   | Reached skill level 12 in Dodging
 14330 | Lair:6   | Noticed Maud
 14338 | Lair:6   | Killed Maud
 14357 | Lair:6   | Sixotanaka: Sam's a fun kid :D
 14695 | D:4      | Bought a book of Transfigurations for 550 gold pieces
 14702 | D:4      | Learned a level 6 spell: Bolt of Fire
 14713 | D:4      | Learned a level 6 spell: Statue Form
 15019 | Lair:6   | Found a staircase to the Slime Pits.
 15020 | Lair:6   | Found a viscous altar of Jiyva.
 15207 | Lair:6   | Reached skill level 2 in Fighting
 15207 | Lair:6   | Reached skill level 1 in Transmutations
 15240 | Lair:6   | Reached skill level 2 in Transmutations
 15399 | Lair:6   | Reached skill level 3 in Transmutations
 15441 | Lair:6   | Reached skill level 3 in Fighting
 15453 | Lair:6   | Found an ancient bone altar of Kikubaaqudgha.
 15849 | Lair:7   | Reached skill level 4 in Transmutations
 15850 | Lair:7   | Fiveotanaka: hahah
 15855 | Lair:7   | Fiveotanaka: yeah i told him i was playing this
 15856 | Lair:7   | Fiveotanaka: but i think i sent him the general link
 15859 | Lair:7   | Fiveotanaka: whoops :P
 15865 | Lair:7   | Fiveotanaka: ugh
 15872 | Lair:7   | Fiveotanaka: mum was like 'call these people' in terms of resume
 15919 | Lair:7   | Fiveotanaka: although she doesnt want to forward the email she recieved about it so I have no backstory, nothing to go off of
 15967 | Lair:7   | Sixotanaka: rofl
 15967 | Lair:7   | Sixotanaka: ugh i hate that
 15967 | Lair:7   | Sixotanaka: dad always forwards like that
 15967 | Lair:7   | Sixotanaka: because he's used to dealing with people in thsi sort of extent
 16087 | Lair:7   | Sixotanaka: even when I knew the person
 16087 | Lair:7   | Sixotanaka: and he talked to her about a job while i was there
 16087 | Lair:7   | Sixotanaka: he forwarded the later emails
 16183 | Lair:7   | Fiveotanaka: yeah you know whats going on at least, what discussions have been had
 16403 | Lair:7   | Reached skill level 4 in Fighting
 16403 | Lair:7   | Reached XP level 14. HP: 123/123 MP: 9/20
 16840 | Orc:1    | Found Fosh's General Store.
 17177 | Orc:2    | Reached skill level 5 in Transmutations
 17204 | Orc:2    | Sixotanaka: ya
 17243 | Orc:2    | Found an iron altar of Okawaru.
 17290 | Orc:2    | Sixotanaka: so phils getting ther at 2:30 ish?
 17290 | Orc:2    | Sixotanaka: so plan to arrive at 2ish?
 17705 | Orc:3    | Found a bloodstained altar of Trog.
 17724 | Orc:3    | Found a frozen archway.
 17740 | IceCv    | Entered an ice cave
 17752 | IceCv    | Killed Guenter's ghost
 17883 | IceCv    | Sixotanaka: rofl branded gsc
 17896 | IceCv    | Fiveotanaka: yeah I'd say so
 17896 | IceCv    | Sixotanaka: next to a branded exec axe
 17896 | IceCv    | Fiveotanaka: lol switch :P
 17901 | IceCv    | Sixotanaka: y?
 17901 | IceCv    | Sixotanaka: unarmed even better than gsc/exec axe
 17918 | IceCv    | Fiveotanaka: lulz =p
 17970 | IceCv    | Reached skill level 5 in Fighting
 17982 | IceCv    | Fiveotanaka: before i call people i dont know I like to research them if possible >.>
 17982 | IceCv    | Sixotanaka: branded CPA
 17982 | IceCv    | Fiveotanaka: get skinnier
 17982 | IceCv    | Sixotanaka: what a fucking amazing ice cave
 17982 | IceCv    | Sixotanaka: i cant use
 18597 | Orc:4    | Entered Level 4 of the Orcish Mines
 18663 | Orc:4    | Reached skill level 6 in Transmutations
 19269 | Orc:4    | Reached skill level 7 in Transmutations
 19362 | Orc:4    | Found Skashimn's Antique Armour Shop.
 19363 | Orc:4    | Found Qiutt's Food Emporium.
 19364 | Orc:4    | Found Thruxtiw's Armour Shop.
 19365 | Orc:4    | Found Phithop's Weapon Emporium.
 19383 | Orc:4    | Bought a runed robe for 13 gold pieces
 19585 | Orc:4    | Found a staircase to the Elven Halls.
 19807 | D:10     | Fiveotanaka: well
 19862 | D:10     | Fiveotanaka: looks like the contacts I was given, ones a section manager, the other one is the owner/director of another recruitment company
 20047 | D:11     | Noticed Nessos
 20051 | D:11     | Killed Nessos
 20174 | D:11     | Sixotanaka: last char died to nessos
 20174 | D:11     | Sixotanaka: this char one shot him with slouch
 20179 | D:11     | Fiveotanaka: nessos is tough
 20215 | D:11     | Sixotanaka: chei op
 20322 | D:11     | Reached skill level 6 in Fighting
 20663 | D:11     | Found a shadowy altar of Dithmenos.
 21244 | D:12     | Got a wavering wooden ring
 21247 | D:12     | Identified the ring of the Harvest {Str+4 Int+5 Dex+3} (You found it on level 12 of the Dungeon)
 21314 | D:12     | Reached skill level 8 in Transmutations
 21995 | Lair:7   | Reached skill level 1 in Throwing
 22028 | Lair:7   | Reached skill level 1 in Earth Magic
 22358 | Lair:7   | Reached skill level 2 in Throwing
 22358 | Lair:7   | Reached skill level 2 in Earth Magic
 22739 | Lair:8   | Entered Level 8 of the Lair of Beasts
 22748 | Lair:8   | Reached XP level 15. HP: 137/137 MP: 21/21
 22838 | Lair:8   | Noticed Erica
 22854 | Lair:8   | Killed Erica
 22854 | Lair:8   | Reached skill level 3 in Throwing
 22854 | Lair:8   | Reached skill level 3 in Earth Magic
 23132 | Lair:8   | Reached skill level 4 in Throwing
 23132 | Lair:8   | Reached skill level 4 in Earth Magic
 23461 | Lair:8   | Reached skill level 5 in Earth Magic
 23528 | Lair:8   | Reached skill level 5 in Throwing
 23766 | Lair:8   | Found a runed door.
 24025 | Lair:8   | Reached skill level 6 in Throwing
 24073 | Lair:8   | Reached skill level 6 in Earth Magic
 25192 | D:13     | Reached skill level 7 in Earth Magic
 25283 | D:14     | Noticed Louise
 25344 | D:14     | Found Saoziom's Gadget Shop.
 25477 | D:14     | Sixotanaka: I was telling dave last night
 25477 | D:14     | Sixotanaka: you'd love chei
 25477 | D:14     | Sixotanaka: because you never run or haste
 25484 | D:14     | Killed Louise
 25581 | D:14     | Identified 2 scrolls of acquirement
 25582 | D:14     | Fiveotanaka: i could make it work
 25595 | D:14     | Fiveotanaka: ill think about that after the DD tho
 25595 | D:14     | Fiveotanaka: in V5 atm
 25597 | D:14     | Sixotanaka: nice skin
 25597 | D:14     | Fiveotanaka: animate skeletons ftw
 25614 | D:14     | Fiveotanaka: the unrand
 25614 | D:14     | Fiveotanaka: not bad
 25614 | D:14     | Sixotanaka: fixedart
 25675 | D:14     | Found a gate to the Vaults.
 25689 | D:14     | Reached skill level 14 in Unarmed Combat
 25831 | D:14     | Sixotanaka: yay rocks
 25852 | D:14     | Sixotanaka: even with 6 throwing I do more dmg than an ogre ever could except with chei xD
 25903 | D:14     | Sixotanaka: you have to be pretty tactical
 25903 | D:14     | Sixotanaka: with chei
 25903 | D:14     | Sixotanaka: tho
 25903 | D:14     | Sixotanaka: running towards enemies is mostly a mistake
 25906 | D:14     | Sixotanaka: as much as running away is
 25914 | D:14     | Reached skill level 8 in Earth Magic
 25993 | D:14     | Reached XP level 16. HP: 95/146 MP: 9/22
 26341 | D:14     | Noticed Snorg
 26342 | D:14     | Noticed Sonja
 26348 | D:14     | Killed Snorg
 26755 | Swamp:1  | Entered Level 1 of the Swamp
 27487 | Swamp:1  | Sixotanaka: make me slower so you yield more piety oooooooooooh yes
 27553 | Swamp:1  | Reached skill level 9 in Earth Magic
 28092 | D:4      | Bought a manual of Fighting for 1104 gold pieces
 28217 | D:9      | Sixotanaka: so there's this firefox/chrome addon
 28217 | D:9      | Sixotanaka: aimed at radical feminists
 28217 | D:9      | Sixotanaka: that replaces instances of the word "men" with jew
 28217 | D:9      | Sixotanaka: feminist with aryan
 28217 | D:9      | Sixotanaka: and a few other small things
 28217 | D:9      | Sixotanaka: and it's surprising how similar they are to actual nazis
 28539 | Swamp:2  | Noticed Aizul
 28548 | Swamp:2  | Killed Aizul
 28578 | Swamp:2  | Got a smoking cloak
 28584 | Swamp:2  | Identified the +2 cloak of the Dropbear {rPois rC- rN+ Dex+5} (You acquired it on level 2 of the Swamp)
 28635 | Swamp:2  | Noticed Agnes
 28651 | Swamp:2  | Killed Agnes
 28759 | Swamp:2  | Reached skill level 15 in Unarmed Combat
 29328 | Swamp:2  | Reached skill level 7 in Fighting
 29377 | Swamp:3  | Sixotanaka: brb need eats
 29451 | Swamp:3  | Reached skill level 10 in Earth Magic
 30043 | Swamp:3  | Gained mutation: You have a somewhat thin skeletal structure (Dex +2, Stealth). [potion of beneficial mutation]
 30727 | Swamp:4  | Learned a level 2 spell: Repel Missiles
 30963 | Swamp:5  | Entered Level 5 of the Swamp
 31065 | Swamp:5  | Fiveotanaka: haha i dont think they will actually use said addon right? XD
 31102 | Swamp:5  | Fiveotanaka: I dont think mum looks any different
 31113 | Swamp:5  | Sixotanaka: lol
 31113 | Swamp:5  | Fiveotanaka: ill call these people on monday >.>
 31113 | Swamp:5  | Sixotanaka: It's mroe meant to illustrate the similarities
 31153 | Swamp:5  | Fiveotanaka: it looks like the location has changed for phils bday
 31158 | Swamp:5  | Fiveotanaka: umm
 31172 | Swamp:5  | Fiveotanaka: apparently to where a BBQ is
 31172 | Swamp:5  | Sixotanaka: yeah
 31172 | Swamp:5  | Sixotanaka: i saw
 31172 | Swamp:5  | Sixotanaka: I'll probs pick up some ciders on the way
 31178 | Swamp:5  | Sixotanaka: since I'm not adept enough at cooking to try for other people
 31216 | Swamp:5  | Fiveotanaka: i might bring some drinks
 31229 | Swamp:5  | Fiveotanaka: if i do, i will need a pickup heh
 31267 | Swamp:5  | Fiveotanaka: this new location looks worse transportwise
 31281 | Swamp:5  | Sixotanaka: it's just a bit further
 31281 | Swamp:5  | Sixotanaka: umm
 31281 | Swamp:5  | Sixotanaka: if you can't get another I can try picking you up
 31289 | Swamp:5  | Fiveotanaka: ill see how billy is
 31290 | Swamp:5  | Fiveotanaka: but tonight my dads bday
 31290 | Swamp:5  | Sixotanaka: it's probs a lot less awkward for billy
 31319 | Swamp:5  | Reached skill level 8 in Fighting
 31363 | Swamp:5  | Fiveotanaka: were going to a buffet place i believe at crown
 31436 | Swamp:5  | Fiveotanaka: so im not sure how much time i'll have here to chat
 31514 | Swamp:5  | Fiveotanaka: you probably want to talk with billy tonight when you see him on battle.net
 31519 | Swamp:5  | Fiveotanaka: see what we can do
 31521 | Swamp:5  | Sixotanaka: can't give him a call around 6 or so?
 31530 | Swamp:5  | Fiveotanaka: probably a better idea
 31537 | Swamp:5  | Reached XP level 17. HP: 141/161 MP: 22/22
 31546 | Swamp:5  | Reached skill level 11 in Earth Magic
 31547 | Swamp:5  | Fiveotanaka: ill probably call him about 8ish or 8:30ish though because dinner and all
 31634 | Swamp:5  | Noticed the 27-headed Lernaean hydra
 31634 | Swamp:5  | Sixotanaka: ya
 32002 | Snake:1  | Entered Level 1 of the Snake Pit
 32233 | Snake:1  | Reached skill level 9 in Fighting
 32305 | Snake:1  | Reached skill level 16 in Unarmed Combat
 32563 | Snake:1  | Fiveotanaka: you see that shit
 32667 | Snake:1  | Fiveotanaka: i 3-4 shot TRJ
 32667 | Snake:1  | Sixotanaka: lol
 32667 | Snake:1  | Sixotanaka: i 2 shot on my Dr
 32667 | Snake:1  | Sixotanaka: and the attacks were like 0.2
 33069 | Snake:1  | Noticed Josephine
 33072 | Snake:1  | Killed Josephine
 33685 | Snake:1  | Found a glowing golden altar of the Shining One.
 33887 | Snake:2  | Fiveotanaka: iron rod / scattershot good?
 33888 | Snake:2  | Sixotanaka: i mean it is but there's no point
 33888 | Snake:2  | Sixotanaka: for you
 33888 | Snake:2  | Fiveotanaka: true
 33926 | Snake:2  | Fiveotanaka: check out my gloves lol
 33955 | Snake:2  | Reached skill level 12 in Earth Magic
 34112 | Snake:2  | Found Irchav's Food Shoppe.
 34267 | Snake:2  | Reached skill level 10 in Fighting
 34428 | Snake:2  | Noticed Kirke
 34437 | Snake:2  | Killed Kirke
 34746 | Snake:2  | Noticed Vashnia
 34754 | Snake:2  | Noticed Nikola
 34818 | Snake:2  | Killed Nikola
 35721 | Snake:4  | Reached XP level 18. HP: 166/176 MP: 23/23
 35839 | Snake:4  | Reached skill level 17 in Unarmed Combat
 36083 | Snake:4  | Reached skill level 11 in Fighting
 36090 | Snake:4  | Reached skill level 13 in Earth Magic
 36826 | Snake:5  | Entered Level 5 of the Snake Pit
 38011 | Snake:5  | Reached skill level 14 in Earth Magic
 38039 | Snake:5  | Reached skill level 18 in Unarmed Combat
 38056 | Snake:5  | Reached skill level 12 in Fighting
 38248 | Snake:5  | Reached XP level 19. HP: 160/189 MP: 18/24
 38444 | Snake:5  | Sixotanaka: so i got learnean hydra
 38444 | Snake:5  | Sixotanaka: good thing I've already started into statue form
 38481 | Snake:5  | Got a serpentine rune of Zot
 38725 | Snake:3  | zzxc: =p
 38778 | Snake:2  | zzxc: you could slouch while it's in water
 38792 | Snake:2  | Sixotanaka: it's fast in water?
 38792 | Snake:2  | zzxc: idk if it does more dmg then
 38792 | Snake:2  | zzxc: yeah
 38792 | Snake:2  | zzxc: all hydra are
 38792 | Snake:2  | Sixotanaka: yeah then it does more dmg
 38883 | Lair:4   | Sixotanaka: it's MORE too
 38883 | Lair:4   | Sixotanaka: not extra dmg
 38883 | Lair:4   | Sixotanaka: since it's a multiplier of speed
 38907 | Lair:4   | zzxc: lol
 38921 | Lair:3   | zzxc: this isnt poe
 38926 | Lair:3   | Sixotanaka: hence why I one shot nessos
 39124 | D:14     | Sixotanaka: i know it's not PoE, but it's nice terminology
 39124 | D:14     | Sixotanaka: extra and more
 39125 | Vaults:1 | Entered Level 1 of the Vaults
 39141 | Vaults:1 | Sixotanaka: wow i am sneaky
 39270 | Vaults:1 | zzxc: but it's just funny
 39270 | Vaults:1 | zzxc: it's MORE too
 39270 | Vaults:1 | Sixotanaka: ya
 39270 | Vaults:1 | zzxc: MOAR DMG
 39283 | Vaults:1 | zzxc: NOT EXTRA!
 39295 | Vaults:1 | Sixotanaka: xD
 39295 | Vaults:1 | Sixotanaka: you even said it
 39388 | Vaults:1 | Found Imeocenu's Book Emporium.
 39396 | Vaults:1 | zzxc: rip
 39402 | Vaults:1 | zzxc: mark sux
 39402 | Vaults:1 | zzxc: with chei
 39403 | Vaults:1 | Sixotanaka: ya
 39406 | Vaults:1 | zzxc: on any normal char
 39406 | Vaults:1 | Sixotanaka: regen is massive tho
 39406 | Vaults:1 | zzxc: yo just walk to the exit
 39406 | Vaults:1 | Sixotanaka: regen amulet + troll
 39406 | Vaults:1 | zzxc: and wait it out outside
 39412 | Vaults:1 | zzxc: this is what I mean
 39412 | Vaults:1 | zzxc: about chei sucking
 39461 | Vaults:1 | Sixotanaka: can just fight
 39461 | Vaults:1 | Sixotanaka: tho
 39519 | Vaults:1 | zzxc: but hairy
 39527 | Vaults:1 | zzxc: the troll is hairy
 39527 | Vaults:1 | Sixotanaka: ya
 39527 | Vaults:1 | zzxc: my DD Defs was beetter
 39527 | Vaults:1 | Sixotanaka: look at
 39527 | Vaults:1 | Sixotanaka: my resistances
 39527 | Vaults:1 | Sixotanaka: rofl
 39527 | Vaults:1 | zzxc: dropbear
 39527 | Vaults:1 | Sixotanaka: cloak of the drop bear
 39527 | Vaults:1 | Sixotanaka: just noticed
 39527 | Vaults:1 | Sixotanaka: rofl
 39623 | Vaults:1 | zzxc: than fiveos
 39656 | Vaults:1 | zzxc: 44/38/20 defenses unbuffed
 39656 | Vaults:1 | Sixotanaka: lol
 39656 | Vaults:1 | Sixotanaka: i saw kirke earlier
 39656 | Vaults:1 | zzxc: eveningstar
 39656 | Vaults:1 | Sixotanaka: quaffed brilliance
 39656 | Vaults:1 | Sixotanaka: and popped statue form
 39656 | Vaults:1 | Sixotanaka: i had 38 ac
 39748 | Vaults:1 | Reached skill level 13 in Fighting
 39749 | Vaults:1 | Reached skill level 15 in Earth Magic
 39835 | Vaults:1 | Learned a level 5 spell: Phase Shift
 40933 | Vaults:1 | Reached skill level 19 in Unarmed Combat
 41007 | Vaults:2 | Sixotanaka: the uh
 41007 | Vaults:2 | zzxc: iirc
 41007 | Vaults:2 | Sixotanaka: unseen thing
 41007 | Vaults:2 | zzxc: my chei troll
 41007 | Vaults:2 | Sixotanaka: didnt want to chase me
 41012 | Vaults:2 | zzxc: had most trouble in early vaults
 41020 | Vaults:2 | Sixotanaka: mm
 41020 | Vaults:2 | Sixotanaka: it's a bit weird
 41020 | Vaults:2 | Sixotanaka: the ranged stuff is crazy
 41020 | Vaults:2 | zzxc: and got abyssed
 41023 | Vaults:2 | zzxc: if you remember
 41047 | Vaults:2 | Sixotanaka: mm
 41666 | Vaults:2 | Reached XP level 20. HP: 199/202 MP: 24/24
 41766 | Vaults:2 | Found an iron altar of Okawaru.
 41786 | Vaults:2 | Reached skill level 16 in Earth Magic
 42353 | Vaults:2 | Found a staircase to the Crypt.
 42601 | Vaults:2 | Reached skill level 20 in Unarmed Combat
 42805 | Vaults:3 | Found Shrasmiv's Antique Armour Emporium.
 42805 | Vaults:3 | Found Crolawo's Weapon Emporium.
 42807 | Vaults:3 | Found Quampu's General Store.
 43109 | Vaults:3 | Noticed Xtahua
 43119 | Vaults:3 | Killed Xtahua
 43248 | Vaults:3 | Reached skill level 17 in Earth Magic
 43328 | Vaults:3 | Found Ferug's Magic Scroll Shop.
 43331 | Vaults:3 | Bought a scroll of fog for 32 gold pieces
 43331 | Vaults:3 | Bought a scroll of fog for 32 gold pieces
 43714 | Vaults:4 | Found Anudwu's Book Boutique.
 44096 | Vaults:4 | Found Wuesch's Jewellery Emporium.
 44103 | Vaults:4 | Bought a +6 ring of protection for 936 gold pieces
 44198 | Vaults:4 | Found Byanoaly's Book Emporium.
 44239 | Vaults:4 | Noticed Margery
 44242 | Vaults:4 | Reached XP level 21. HP: 210/210 MP: 18/25
 44246 | Vaults:4 | Killed Margery
 44466 | Vaults:4 | Found Purywyups' Armour Shoppe.
 44483 | Vaults:4 | Reached skill level 21 in Unarmed Combat
 45438 | D:15     | Entered Level 15 of the Dungeon
 45448 | D:15     | Found a staircase to the Depths.
 46083 | D:15     | Reached skill level 18 in Earth Magic
 46229 | D:15     | Found a blossoming altar of Fedhas.
 46514 | Depths:1 | Entered Level 1 of the Depths
 47151 | Depths:1 | Reached skill level 13 in Dodging
 47319 | Depths:1 | Found a portal to a secret trove of treasure.
 47703 | Depths:1 | Found a gateway to Hell.
 48524 | Depths:2 | Reached skill level 14 in Dodging
 49475 | Depths:3 | Reached XP level 22. HP: 137/219 MP: 25/25
 49596 | Depths:3 | Noticed Norris
 49597 | Depths:3 | Reached skill level 15 in Dodging
 49607 | Depths:3 | Killed Norris
 49772 | Depths:3 | Found a huge runed gate.
 49772 | Depths:3 | Found a huge runed gate.
 49864 | Depths:3 | zzxc: trying to find demographic info on roguelike players
 49864 | Depths:3 | Reached skill level 16 in Dodging
 49889 | Depths:3 | zzxc: not ez
 49890 | Depths:3 | Sixotanaka: lol
 49897 | Depths:3 | Sixotanaka: 20-60 year old males
 49914 | Depths:3 | HP: 39/219 [something/crystal spear (86)]
 50202 | Depths:3 | zzxc: oh
 50202 | Depths:3 | zzxc: I found a DCSS survey
 50202 | Depths:3 | zzxc: from 2012
 50202 | Depths:3 | zzxc: full on document
 50202 | Depths:3 | zzxc: by dpeg and jpeg
 50202 | Depths:3 | Sixotanaka: lol
 50202 | Depths:3 | Sixotanaka: cool
 50214 | Depths:3 | zzxc: average player is male (92%), 24yr old, lives in USA (46%)
 50470 | Depths:3 | Found a one-way gate leading to the halls of Pandemonium.
 50510 | Depths:3 | Found a huge runed gate.
 50524 | Depths:3 | Found a huge runed gate.
 50525 | Depths:3 | Found a huge runed gate.
 50567 | Depths:3 | Found a gateway to a ziggurat.
 50719 | Depths:3 | Found a corrupted altar of Lugonu.
 50719 | Depths:3 | Found a one-way gate to the infinite horrors of the Abyss.
 50928 | Depths:3 | Reached skill level 17 in Dodging
 51142 | Depths:4 | Sixotanaka: lol
 51320 | Depths:4 | Noticed Sojobo
 51325 | Depths:4 | Killed Sojobo
 51431 | Depths:4 | Found an ancient bone altar of Kikubaaqudgha.
 51686 | Depths:4 | Reached XP level 23. HP: 227/227 MP: 26/26
 51716 | Depths:4 | Reached skill level 18 in Dodging
 51981 | Depths:4 | zzxc: actually
 51982 | Depths:4 | zzxc: I vaguely remember the survey
 51984 | Depths:4 | zzxc: from back in 2012
 51984 | Depths:4 | zzxc: I might've participated even
 51987 | Depths:4 | zzxc: back then I didn't have any wins
 51987 | Depths:4 | Sixotanaka: lol
 51996 | Depths:4 | zzxc: mm
 52000 | Depths:4 | zzxc: chei stats might make you look good on paper
 52005 | Depths:4 | zzxc: but you do take an awful amount of dmg
 52008 | Depths:4 | Sixotanaka: yes
 52015 | Depths:4 | Sixotanaka: I've played way more chei than you xD
 52109 | Depths:4 | zzxc: well
 52109 | Depths:4 | Sixotanaka: how many chars
 52109 | Depths:4 | zzxc: im just trying to persuade you that chei sux
 52109 | Depths:4 | zzxc: lol
 52109 | Depths:4 | Sixotanaka: could have just fought that tho
 52123 | Depths:4 | zzxc: but you're looking at it wrong
 52124 | Depths:4 | Sixotanaka: what caused a huge amount of the dmg there
 52124 | Depths:4 | Sixotanaka: was the engulf
 52124 | Depths:4 | zzxc: almost all chars would just move backwards and fight fewer enemies at once
 52124 | Depths:4 | Sixotanaka: i lagged a bit and hit tab a few times
 52124 | Depths:4 | Sixotanaka: and ended up getting engulfed like 10 turns
 52255 | Depths:4 | Sixotanaka: yeah i know
 52941 | Depths:4 | Reached skill level 19 in Dodging
 53209 | Depths:4 | Sixotanaka: anyway something to consider
 53209 | Depths:4 | Sixotanaka: is that I'm wearing a +4 robe
 53613 | Depths:5 | Entered Level 5 of the Depths
 53645 | Depths:5 | Reached skill level 14 in Fighting
 54081 | Depths:5 | Noticed Frederick
 54092 | Depths:5 | Killed Frederick
 54171 | Depths:5 | Sixotanaka: anyway Chei is basically the king of the mikee avoid
 54292 | Depths:5 | Reached XP level 24. HP: 240/243 MP: 27/27
 54326 | Depths:5 | Reached skill level 15 in Fighting
 54344 | Depths:5 | Found a gate to the Realm of Zot.
 54609 | Depths:5 | Reached skill level 16 in Fighting
 55273 | Depths:3 | zzxc: king
 55273 | Depths:3 | zzxc: aka
 55273 | Depths:3 | zzxc: only thing it can do
 55273 | Depths:3 | Sixotanaka: lol
 55273 | Depths:3 | Sixotanaka: well IDK
 55273 | Depths:3 | Sixotanaka: I don't think he's strong
 55273 | Depths:3 | Sixotanaka: I just don't think he's completely and utterly useless in every single possible situation
 55273 | Depths:3 | Sixotanaka: like you do
 55273 | Depths:3 | zzxc: nah not useless
 55273 | Depths:3 | zzxc: of course he has good points
 55273 | Depths:3 | Sixotanaka: first time you've said that
 55273 | Depths:3 | zzxc: but on average he's not a good pick for many reasons
 55273 | Depths:3 | zzxc: well for one
 55273 | Depths:3 | zzxc: he suits speedruns well
 55273 | Depths:3 | Sixotanaka: i like the play style
 55273 | Depths:3 | zzxc: since you dont want to waste time kiting
 55273 | Depths:3 | Sixotanaka: so like, IDGAF what you think
 55273 | Depths:3 | zzxc: he's an interesting challenge god
 55273 | Depths:3 | zzxc: like Fo is an interesting race
 55273 | Depths:3 | Sixotanaka: ya
 55273 | Depths:3 | zzxc: and his abilities are verey cool
 55390 | Depths:1 | zzxc: just if you mainly care about winning and not dying
 55450 | D:14     | zzxc: chei is usually not a good pick
 55456 | D:14     | Killed Sonja
 55628 | Vaults:4 | Sixotanaka: I agree
 55628 | Vaults:4 | Sixotanaka: he's not a consistant win
 55628 | Vaults:4 | zzxc: oh god
 55628 | Vaults:4 | zzxc: I just realised
 55628 | Vaults:4 | zzxc: I dreamt about Ru
 55628 | Vaults:4 | Sixotanaka: lol
 55628 | Vaults:4 | Sixotanaka: sacrifice computer usage
 55628 | Vaults:4 | zzxc: I remember dreaming saccing 10% gold
 55628 | Vaults:4 | zzxc: I dont think that sacrifice even exists
 55628 | Vaults:4 | zzxc: it was like 200g
 55628 | Vaults:4 | zzxc: and I thought it was a bargain for the piety
 55628 | Vaults:4 | Sixotanaka: lol
 55631 | Vaults:5 | Entered Level 5 of the Vaults
 55634 | Vaults:5 | Reached skill level 17 in Fighting
 55636 | Vaults:5 | Sixotanaka: that
 55636 | Vaults:5 | Sixotanaka: makes an argument
 55636 | Vaults:5 | Sixotanaka: for chei
 55637 | Vaults:5 | zzxc: you coulddo the same thing functionally
 55637 | Vaults:5 | zzxc: by stairdancing
 55637 | Vaults:5 | Sixotanaka: yeah
 55637 | Vaults:5 | Sixotanaka: but not as fun
 55637 | Vaults:5 | zzxc: lol
 55637 | Vaults:5 | zzxc: so now what
 55637 | Vaults:5 | zzxc: it's not like
 55637 | Vaults:5 | zzxc: vault guards were the problem
 55637 | Vaults:5 | zzxc: it's the other shit here
 55639 | Vaults:5 | Sixotanaka: it makes it easier to deal with
 55639 | Vaults:5 | Sixotanaka: IMO
 55790 | Vaults:5 | Sixotanaka: so trivial
 55790 | Vaults:5 | Sixotanaka: lol
 55891 | Vaults:5 | Identified the Reference Book on Flight and Aid
 55962 | Vaults:5 | Reached skill level 18 in Fighting
 55978 | Vaults:5 | zzxc: in the past
 55984 | Vaults:5 | zzxc: you could overburden yourself
 55987 | Vaults:5 | zzxc: to move slower
 55992 | Vaults:5 | zzxc: to slouch harder
 55992 | Vaults:5 | Sixotanaka: ya
 55992 | Vaults:5 | Sixotanaka: overburden + statue form
 55992 | Vaults:5 | zzxc: good times
 55993 | Vaults:5 | zzxc: + naga
 55993 | Vaults:5 | zzxc: + hat of pondering
 55993 | Vaults:5 | Sixotanaka: ye
 55993 | Vaults:5 | Sixotanaka: lol
 55993 | Vaults:5 | Sixotanaka: then u use slow
 55993 | Vaults:5 | Sixotanaka: wandof slowing
 55993 | Vaults:5 | Sixotanaka: on urself
 55994 | Vaults:5 | zzxc: yeah slow yourself
 55994 | Vaults:5 | zzxc: lol
 56000 | Vaults:5 | zzxc: while standing in shallow water
 56000 | Vaults:5 | Reached XP level 25. HP: 265/265 MP: 22/27
 56009 | Vaults:5 | Noticed Mara
 56014 | Vaults:5 | Noticed Sixotanaka's illusion
 56018 | Vaults:5 | Killed Mara
 56037 | Vaults:5 | zzxc: oh god
 56046 | Vaults:5 | zzxc: simulacra are so dangerous man
 56048 | Vaults:5 | Sixotanaka: THATS WHY I USED SLOUCH TO CLEAR THEM
 56048 | Vaults:5 | Sixotanaka: r u crazy
 56048 | Vaults:5 | zzxc: tempted to worship kiku and use themn
 56058 | Vaults:5 | zzxc: I might do it on kobold
 56087 | Vaults:5 | zzxc: well
 56087 | Vaults:5 | Sixotanaka: need to run
 56087 | Vaults:5 | zzxc: looks like the floor is clear
 56087 | Vaults:5 | zzxc: lol
 56087 | Vaults:5 | Sixotanaka: from things man
 56087 | Vaults:5 | Sixotanaka: xD
 56103 | Vaults:5 | Got a scorched jade ring
 56178 | Vaults:5 | Got a silver rune of Zot
 56202 | Vaults:5 | Sixotanaka: considering 15 runes
 56202 | Vaults:5 | Sixotanaka: on this guy
 56202 | Vaults:5 | zzxc: nooo
 56211 | Vaults:5 | zzxc: would be so annoying wiwth chei man
 56215 | Vaults:5 | Sixotanaka: otu of us
 56215 | Vaults:5 | Sixotanaka: who has done a 15 rune on chei before?
 56293 | Vaults:5 | Sixotanaka: it's a lot nicer than the early game
 56312 | Vaults:5 | zzxc: that's beccause you've made a storng char
 56326 | Vaults:5 | zzxc: not because chei is particularly well suited to endgame
 56330 | Vaults:5 | Sixotanaka: mm
 56330 | Vaults:5 | Sixotanaka: well
 56342 | Vaults:5 | Reached skill level 19 in Fighting
 56351 | Vaults:5 | Sixotanaka: chei is part of the strength
 56351 | Vaults:5 | Sixotanaka: of this char
 56351 | Vaults:5 | zzxc: oh
 56354 | Vaults:5 | zzxc: you have never ascended a troll
 56456 | Vaults:5 | Sixotanaka: ya
 56456 | Vaults:5 | Sixotanaka: brb
 56456 | Vaults:5 | zzxc: (7:03:29 PM) zxc232: !hs sixotanaka tr (7:03:31 PM) Sequell: 35. Sixotanaka the Wrestler (L24 TrMo of Cheibriados), blasted by an acid blob (splash of acid) on Slime:6 (slime_pit) on 2014-05-27 03:18:34, with 530711 points after 59854 turns and 5:15:01.
 56456 | Vaults:5 | zzxc: (7:07:56 PM) FaMott: ??tabdudes (7:07:57 PM) Sequell: tabdudes ~ eatdudes[1/1]: Eat all mut-chunks you find, drink all mut-potions you find. You are allowed to quaff cure-mut and to use decks. You can use rMut amulet but not while eatdudes'ing and you're not allowed to worship Jiyva or Zin.
 56456 | Vaults:5 | zzxc: hey that's fiveo 100%
 56456 | Vaults:5 | Sixotanaka: how was i
 56456 | Vaults:5 | Sixotanaka: level 24
 56456 | Vaults:5 | Sixotanaka: in slime 5
 56456 | Vaults:5 | Sixotanaka: 6*
 56456 | Vaults:5 | Sixotanaka: dont think i had rcorr either
 56456 | Vaults:5 | zzxc: http://crawl.akrasiac.org/rawdata/Sixotanaka/morgue-Sixotanaka-20140527-031834.txt
 56456 | Vaults:5 | zzxc: nop
 56456 | Vaults:5 | zzxc: -21 ac
 56456 | Vaults:5 | zzxc:
 16818 | Lair:8   | zzxc: what if you self-slow
 16829 | Lair:8   | zzxc: walk around overloaded
 16830 | Lair:8   | zzxc: lol
 16835 | Lair:8   | Sixotanaka: with 34 strength!?
 16835 | Lair:8   | zzxc: overloaded slowed chei naga
 56456 | Vaults:5 | zzxc: LOL
 56456 | Vaults:5 | zzxc: it's like we repeat conversations
 56456 | Vaults:5 | zzxc: once a year
 56456 | Vaults:5 | zzxc: You Go Zig Ill Gozag
 56456 | Vaults:5 | zzxc: But Heres My Number So Call Me MiBe
 56456 | Vaults:5 | zzxc: She Identified My Wand Just By Holding It
 56456 | Vaults:5 | zzxc: Ogre9000
 56456 | Vaults:5 | zzxc: Pansmokers
 56456 | Vaults:5 | zzxc: Frederick did nothing wrong
 56456 | Vaults:5 | zzxc: Lucy in the Abyss with Demons
 56456 | Vaults:5 | zzxc: Ru the day
 56470 | Vaults:5 | Identified the ring "Throwk" {-Cast rC+ rN+ MR++} (You took it off a vault warden on level 5 of the Vaults)
 56475 | Vaults:5 | Got a coiled bone amulet
 56476 | Vaults:5 | Identified the amulet of Etheylap {Gourm Str+3 Stlth+} (You took it off a vault sentinel on level 5 of the Vaults)
 56635 | Vaults:5 | Sixotanaka: http://38.media.tumblr.com/tumblr_nb4owoMP2z1qdc32w_og.png
 56635 | Vaults:5 | Sixotanaka: actually a pansmoking tshirt
 56812 | Vaults:5 | Learned a level 4 spell: Passage of Golubria
 57409 | Vaults:5 | zzxc: lol
 57662 | D:14     | Sixotanaka: yo um
 57662 | D:14     | Sixotanaka: what's up with akrasiac not updating?
 58014 | Swamp:5  | zzxc: idk
 58014 | Swamp:5  | Killed the 26-headed Lernaean hydra
 58015 | Swamp:5  | zzxc: I noticed it like a week ago
 58015 | Swamp:5  | zzxc: shortly after tourney started
 58015 | Swamp:5  | Sixotanaka: woha
 58015 | Swamp:5  | zzxc: happened last time as well
 58066 | Swamp:5  | zzxc: did you one shot the lernean hydra?
 58069 | Swamp:5  | zzxc: wasnt looking
 58069 | Swamp:5  | Sixotanaka: like 75% of its hp
 58077 | Swamp:5  | Sixotanaka: rest was 2 slouches
 58234 | Swamp:5  | Got a decaying rune of Zot
 58237 | Swamp:5  | zzxc: it's ridiculous how similar the dith and yred altars look
 58237 | Swamp:5  | Sixotanaka: dith and yred?
 58237 | Swamp:5  | Sixotanaka: naaaaaaaw
 58237 | Swamp:5  | Sixotanaka: dith is like a ball floatin
 58237 | Swamp:5  | Sixotanaka: yred is a dude on a throne
 58237 | Swamp:5  | zzxc: dude
 58237 | Swamp:5  | zzxc: they are almost identical
 58237 | Swamp:5  | zzxc: http://i.imgur.com/ALfORsV.png
 58237 | Swamp:5  | zzxc: look at em
 58237 | Swamp:5  | Sixotanaka: no way
 58237 | Swamp:5  | zzxc: both look like a bunchc of purple on top of a throne
 58237 | Swamp:5  | Sixotanaka: they are smame colour
 58237 | Swamp:5  | Sixotanaka: that's it
 58237 | Swamp:5  | zzxc: looking at the altars
 58237 | Swamp:5  | zzxc: the most similar ones are
 58237 | Swamp:5  | zzxc: dith and yred
 58237 | Swamp:5  | zzxc: followed by ely and oka
 58237 | Swamp:5  | Sixotanaka: ely and oka i can see
 58237 | Swamp:5  | Sixotanaka: as miustaking
 58237 | Swamp:5  | Sixotanaka: it's JUST the colour
 58237 | Swamp:5  | Sixotanaka: for the other
 58237 | Swamp:5  | Sixotanaka: doesn't look same at all
 58351 | Swamp:4  | zzxc: what are the most fun gods you think
 58351 | Swamp:4  | zzxc: aside from chei, i know you think he's fun as balls
 58351 | Swamp:4  | zzxc: also we need to get some others in the chat into dcss
 58351 | Swamp:4  | zzxc: but how the hell
 58351 | Swamp:4  | zzxc: brb walk
 58351 | Swamp:4  | Fiveotanaka: 15 rune?
 58351 | Swamp:4  | zzxc: 30 rune
 58351 | Swamp:4  | zzxc: "Never forget the importance of silliness either. How great is it to play a game and be the one person in the world who ever hears that one poem about the one-legged elephant that drank a sea of lava and then burst into flames. And is now revered as a god for reasons unknown."
 58351 | Swamp:4  | Fiveotanaka: this is gonna be fun
 58351 | Swamp:4  | Fiveotanaka: i have a whip of distortion
 58351 | Swamp:4  | zzxc: yeehaw?
 58351 | Swamp:4  | Fiveotanaka: wow
 58351 | Swamp:4  | Fiveotanaka: robe of the archmagi..
 58351 | Swamp:4  | Fiveotanaka: on a be
 58351 | Swamp:4  | zzxc: wwhat god do oI want
 58351 | Swamp:4  | zzxc: CeAM
 58351 | Swamp:4  | zzxc: no oka yet, or trog
 58351 | Swamp:4  | zzxc: fedhas available
 58351 | Swamp:4  | zzxc: makhleb as well
 58351 | Swamp:4  | zzxc: and yred
 58351 | Swamp:4  | Fiveotanaka: feddy?
 58773 | Crypt:1  | Entered Level 1 of the Crypt
 58814 | Crypt:1  | Found an ancient bone altar of Kikubaaqudgha.
 58943 | Crypt:1  | Reached skill level 20 in Fighting
 59431 | Crypt:2  | Noticed Mennas
 59527 | Crypt:2  | Killed Mennas
 60376 | Crypt:3  | Entered Level 3 of the Crypt
 60393 | Crypt:3  | Noticed Khufu
 60395 | Crypt:3  | HP: 88/352 [???[Khufu] (17)]
 60697 | Crypt:3  | Killed Khufu
 60697 | Crypt:3  | Reached XP level 26. HP: 199/282 MP: 22/28
 60701 | Crypt:3  | Reached skill level 21 in Fighting
 61095 | Crypt:3  | Found a staircase to the Tomb.
 61297 | Crypt:3  | Noticed an ancient lich
 61325 | Crypt:3  | Killed an ancient lich
 61789 | Depths:3 | Voluntarily entered the Abyss.
 61899 | Abyss:2  | zzxc: rip amaze glolves
 61901 | Abyss:2  | Sixotanaka: lol
 61901 | Abyss:2  | Sixotanaka: glolves?
 61901 | Abyss:2  | zzxc: yes
 61901 | Abyss:2  | zzxc: glololves
 61901 | Abyss:2  | Sixotanaka: lolves of bread?
 61944 | Abyss:2  | Fiveotanaka: 15 runer?
 61948 | Abyss:2  | Sixotanaka: maybe
 61954 | Abyss:2  | zzxc: glolves of loaf
 61954 | Abyss:2  | Fiveotanaka: also
 61956 | Abyss:2  | Fiveotanaka: remember tomorrow :P
 61958 | Abyss:2  | Sixotanaka: yes
 61958 | Abyss:2  | Sixotanaka: i know
 61982 | Abyss:2  | zzxc: I rolled a centaur
 61985 | Abyss:2  | zzxc: CeAM
 61988 | Abyss:2  | zzxc: er
 61991 | Abyss:2  | zzxc: CeWr
 61997 | Abyss:2  | zzxc: im in lair
 61997 | Abyss:2  | zzxc: shit's ez
 61997 | Abyss:2  | Sixotanaka: what'd you start with?
 61997 | Abyss:2  | zzxc: spear
 61998 | Abyss:2  | zzxc: cheesed early dungeon
 61998 | Abyss:2  | Sixotanaka: ez
 62007 | Abyss:2  | zzxc: lots of cheese
 62017 | Abyss:2  | zzxc: cheese everywhere
 62049 | Abyss:2  | zzxc: actually
 62061 | Abyss:2  | zzxc: I had a shock moment
 62088 | Abyss:2  | zzxc: I was needling joseph
 62092 | Abyss:2  | zzxc: and staying at max range
 62095 | Abyss:2  | zzxc: he was firing random pellets at me
 62104 | Abyss:2  | Reached skill level 22 in Fighting
 62109 | Abyss:2  | zzxc: and then he whips out a wand of paralyse
 62120 | Abyss:2  | zzxc: and paralyses me for 7 turns
 62139 | Abyss:2  | zzxc: I survive and run off
 62146 | Abyss:2  | zzxc: shit's mental
 62182 | Abyss:2  | zzxc: soon I can buy a ring of OPness
 62185 | Abyss:2  | zzxc: relec, rC+, MR+, dex+4
 62186 | Abyss:2  | zzxc: sinv
 62210 | Abyss:2  | Fiveotanaka: is ash good for monk?
 62216 | Abyss:2  | Fiveotanaka: or no
 62230 | Abyss:2  | zzxc: no
 62247 | Abyss:2  | zzxc: you cant curse your hands
 62267 | Abyss:2  | zzxc: and monk piety bonus doesnt help much for ash
 62536 | Abyss:2  | zzxc: UNKNOWN
 62538 | Abyss:2  | zzxc: COMMAAAND
 62540 | Abyss:2  | Sixotanaka: enter key was stuck
 62540 | Abyss:2  | Sixotanaka: rofl
 62839 | Abyss:3  | Found a corrupted altar of Lugonu.
 62847 | Abyss:3  | Fiveotanaka: wow so cheap
 62849 | Abyss:3  | Fiveotanaka: i have an item that costs 1g in shop
 62850 | Abyss:3  | Sixotanaka: dave found a similar one
 62861 | Abyss:3  | Fiveotanaka: i like my chest tho
 62866 | Abyss:3  | Fiveotanaka: +4 ring mail of +6 dex
 62870 | Abyss:3  | Fiveotanaka: nice early on
 62899 | Abyss:3  | zzxc: not a rune vault?
 62902 | Abyss:3  | Sixotanaka: dont think so
 62902 | Abyss:3  | Sixotanaka: dont want to run in
 62914 | Abyss:3  | zzxc: my guess is
 62914 | Abyss:3  | zzxc: it is
 62914 | Abyss:3  | Sixotanaka: nah
 62914 | Abyss:3  | Sixotanaka: it had an altar
 62914 | Abyss:3  | Sixotanaka: and i could see the back too
 62914 | Abyss:3  | zzxc: you didnt see the back fully
 62914 | Abyss:3  | Sixotanaka: yeah
 62914 | Abyss:3  | Sixotanaka: but i still dont think so
 62949 | Abyss:3  | Found a corrupted altar of Lugonu.
 62955 | Abyss:3  | Got an abyssal rune of Zot
 62959 | Abyss:3  | zzxc: thought so
 62960 | Abyss:3  | Sixotanaka: rofl
 62960 | Abyss:3  | zzxc: I think I had this vault once before
 62974 | Abyss:3  | Sixotanaka: i've seen that
 62974 | Abyss:3  | Sixotanaka: but
 62974 | Abyss:3  | Sixotanaka: no rune in it
 62991 | Abyss:3  | Sixotanaka: afl
 62991 | Abyss:3  | Sixotanaka: afk
 62991 | Abyss:3  | Fiveotanaka: weew cloak of flash, nice
 63317 | Depths:3 | Escaped the Abyss
 63704 | Slime:1  | Entered Level 1 of the Pits of Slime
 63757 | Slime:1  | zzxc: got rCorr?
 63757 | Slime:1  | Sixotanaka: yes
 63757 | Slime:1  | zzxc: so this one is NOT going to go like the last one
 63757 | Slime:1  | Sixotanaka: lol yes
 63757 | Slime:1  | Sixotanaka: also i'm much MUCH stronger
 63834 | Slime:3  | Fiveotanaka: what happened last time
 63834 | Slime:3  | zzxc: jack the dippa
 63834 | Slime:3  | zzxc: rippa
 63834 | Slime:3  | zzxc: rofl
 63834 | Slime:3  | zzxc: jack the dippa happened
 63848 | Slime:3  | zzxc: BEWARE JACK THE DIPPA
 63848 | Slime:3  | zzxc: he'll dip ya
 63848 | Slime:3  | zzxc: in acid water
 63848 | Slime:3  | zzxc: for no discernible reason
 63848 | Slime:3  | Fiveotanaka: well, gl :P night guys
 63848 | Slime:3  | zzxc: nighto
 63854 | Slime:4  | zzxc: wonder if you can haste TRJ
 63854 | Slime:4  | zzxc: before slouching
 63859 | Slime:4  | Sixotanaka: y would i slouch
 63859 | Slime:4  | Sixotanaka: when i can statue form
 63859 | Slime:4  | zzxc: maybe it will go out of melee
 63859 | Slime:4  | zzxc: other enemies blocking
 64027 | Slime:5  | Reached skill level 23 in Fighting
 64160 | Slime:6  | Entered Level 6 of the Pits of Slime
 64335 | Slime:6  | Noticed the royal jelly
 64361 | Slime:6  | Reached XP level 27. HP: 305/305 MP: 23/28
 64366 | Slime:6  | Killed the royal jelly
 64452 | Slime:6  | Got a smoking robe
 64453 | Slime:6  | Identified the +0 robe "Cruoxtaff" {rPois rF- MR+ MP+9 Str+4} (You found it on level 6 of the Pits of Slime)
 64473 | Slime:6  | Got a slimy rune of Zot
 65091 | Tomb:1   | Entered Level 1 of the Tomb of the Ancients
 65370 | Tomb:1   | Reached skill level 8 in Invocations
 65774 | Tomb:2   | Noticed an ancient lich
 65790 | Tomb:1   | Reached skill level 9 in Invocations
 65910 | Tomb:1   | Reached skill level 24 in Fighting
 66053 | Tomb:1   | Killed an ancient lich
 66117 | Tomb:2   | Reached skill level 10 in Invocations
 66535 | Tomb:1   | Reached skill level 11 in Invocations
 66663 | Tomb:1   | zzxc: hang on
 66680 | Tomb:1   | zzxc: stop
 66680 | Tomb:1   | Sixotanaka: ?
 66680 | Tomb:1   | zzxc: ctrl p
 66680 | Tomb:1   | zzxc: for a sec
 66681 | Tomb:1   | zzxc: you one shot the mummy?
 66681 | Tomb:1   | Sixotanaka: yeah?
 66681 | Tomb:1   | Sixotanaka: been one shotting things with more hp...
 66681 | Tomb:1   | zzxc: that's like an achieve
 66681 | Tomb:1   | Sixotanaka: man u act like statue form is useless
 66681 | Tomb:1   | Sixotanaka: and then act surprised when it tears through extended
 66849 | Tomb:1   | Sixotanaka: only torment
 66849 | Tomb:1   | Sixotanaka: is doing anything
 66849 | Tomb:1   | Sixotanaka: took 2 torments not in statue form
 66892 | Tomb:1   | Reached skill level 12 in Invocations
 67069 | Tomb:1   | zzxc: hmm, the entry seems to be gone now
 67069 | Tomb:1   | Sixotanaka: ?
 67105 | Tomb:1   | zzxc: there used to be a learndb entry for people who have one shotted greater mummies
 67112 | Tomb:1   | Sixotanaka: hehe
 67123 | Tomb:1   | zzxc: I think mikee was the first
 67123 | Tomb:1   | Sixotanaka: well, I did it!
 67123 | Tomb:1   | zzxc: nice
 67127 | Tomb:1   | zzxc: < mikee_> if you play as mikee you find 25% more slaying and do 30% more damage to greater mummies
 67143 | Tomb:1   | Sixotanaka: i'm just like
 67143 | Tomb:1   | Sixotanaka: fighting them like they're dungeon trash
 67224 | Tomb:1   | Sixotanaka: kinda why i wanted to 15 rune
 67224 | Tomb:1   | Sixotanaka: this char
 67224 | Tomb:1   | Sixotanaka: because he's ungodly strong
 67228 | Tomb:2   | Reached skill level 13 in Invocations
 67261 | Tomb:3   | Entered Level 3 of the Tomb of the Ancients
 67270 | Tomb:3   | zzxc: https://loom.shalott.org/learndb.html#greatermummyoneshotters
 67271 | Tomb:3   | zzxc: found it
 67275 | Tomb:3   | zzxc: it still exists
 67279 | Tomb:2   | Sixotanaka: how does it add me?
 67305 | Tomb:2   | zzxc: we'll need to find the turn when you did it
 67305 | Tomb:2   | Sixotanaka: ah...
 67305 | Tomb:2   | zzxc: and make a !lg -tv link
 67305 | Tomb:2   | zzxc: and add it on irc
 67305 | Tomb:2   | Sixotanaka: too much work
 67305 | Tomb:2   | Sixotanaka: lol
 67419 | Tomb:3   | Noticed an ancient lich
 67422 | Tomb:2   | Sixotanaka: what is this vile air nonsense?
 67439 | Tomb:2   | zzxc: the other day
 67439 | Tomb:2   | zzxc: my mum was in a hurry to go somewhere
 67439 | Tomb:2   | zzxc: but she lost her keys
 67439 | Tomb:2   | zzxc: after I find out, I start looking for them
 67439 | Tomb:2   | zzxc: cos I love looking for lost keys
 67439 | Tomb:2   | zzxc: within 3 sec I spot them on one of the side tables
 67439 | Tomb:2   | zzxc: mega disappointed
 67439 | Tomb:2   | zzxc: prefer looking for much longer than that
 67439 | Tomb:2   | zzxc: only need to win nabout 620 times to win all combos
 67439 | Tomb:2   | zzxc: at one win a day that would take just under two years
 67439 | Tomb:2   | zzxc: ezpz
 67439 | Tomb:2   | Sixotanaka: lol
 67461 | Tomb:2   | zzxc: you eviscerate the ushabti!!!!!
 67461 | Tomb:2   | zzxc: !!!!!!!!!!!!!!!!!!!!!!!!!!!
 67461 | Tomb:2   | zzxc: any naive passer-by would think this game was written by a 12 yr old cos of all the redundant exclamation marks
 67461 | Tomb:2   | zzxc: you are very afk
 67479 | Tomb:2   | Killed an ancient lich
 67479 | Tomb:2   | Reached skill level 25 in Fighting
 67613 | Tomb:3   | Noticed an ancient lich
 67619 | Tomb:3   | Killed an ancient lich
 67646 | Tomb:3   | Identified a +5 rod of clouds (11/11) (You found it on level 3 of the Tomb of the Ancients)
 67672 | Tomb:3   | Identified the Volume of Enchantment
 67675 | Tomb:3   | Got a clouded marble ring
 67684 | Tomb:3   | Got a golden rune of Zot
 67691 | Tomb:3   | HP: 95/408 [bennu (11)]
 67697 | Tomb:3   | HP: 86/408 [torment (17)]
 67888 | Tomb:3   | Reached skill level 14 in Invocations
 68998 | Vaults:4 | Bought an Akashic Record for 1766 gold pieces
 69285 | Depths:3 | Identified the cursed ring "Dufiefiwk" {Contam +Inv +Fly rElec rPois MR+} (You found it on level 3 of the Tomb of the Ancients)
 69334 | Pan      | Entered Pandemonium
 69346 | Pan      | Found a huge runed gate.
 69353 | Pan      | Found an exit through the horrors of the Abyss.
 69425 | Pan      | Reached skill level 9 in Transmutations
 69701 | Pan      | Found an exit through the horrors of the Abyss.
 69830 | Pan      | Noticed Jyeptass the pandemonium lord
 69840 | Pan      | Killed Jyeptass the pandemonium lord
 70156 | Pan      | Reached skill level 2 in Spellcasting
 70197 | Pan      | Noticed Asmacein the pandemonium lord
 70204 | Pan      | Killed Asmacein the pandemonium lord
 70210 | Pan      | Got a demonic rune of Zot
 70236 | Pan      | Reached skill level 10 in Transmutations
 70275 | Pan      | Fiveotanaka: alright, getting a bit more ready
 70275 | Pan      | Sixotanaka: xD
 70275 | Pan      | Fiveotanaka: luke might come and watch :P
 70284 | Pan      | Fiveotanaka: lets see if you can convert him :P
 70289 | Pan      | Sixotanaka: nice
 70308 | Pan      | Sixotanaka: ahven't seen luke in aaaaaaages!
 70317 | Pan      | Fiveotanaka: well hes in perth
 70325 | Pan      | Sixotanaka: ah
 70383 | Pan      | Reached skill level 3 in Spellcasting
 70518 | Pan      | Sixotanaka: this char not a good example of crawl
 70518 | Pan      | Sixotanaka: due to how absolutely broken he is
 70648 | Pan      | Noticed Shrihaoly the pandemonium lord
 70653 | Pan      | Killed Shrihaoly the pandemonium lord
 70683 | Pan      | Reached skill level 4 in Spellcasting
 70780 | Pan      | Found an exit through the horrors of the Abyss.
 70797 | Pan      | Reached skill level 26 in Fighting
 70835 | Pan      | Found a runed door.
 71109 | Pan      | Found an exit through the horrors of the Abyss.
 71174 | Pan      | Reached skill level 11 in Transmutations
 71326 | Pan      | Noticed Quidehea the pandemonium lord
 71329 | Pan      | Killed Quidehea the pandemonium lord
 71332 | Pan      | Sixotanaka: ohko'd another pan lord
 71421 | Pan      | Noticed Sauz the pandemonium lord
 71426 | Pan      | Killed Sauz the pandemonium lord
 71457 | Pan      | Got a shimmering golden ring
 71458 | Pan      | Identified the ring "Psieng" {+Fly MR- Str+6} (You found it in Pandemonium)
 71487 | Pan      | Fiveotanaka: that would make it fun :P
 71553 | Pan      | Fiveotanaka: oh, if you have anything like a frisbee or something it'll be a good idea to bring that for entertainment :D
 71561 | Pan      | Sixotanaka: lol nope
 71579 | Pan      | Sixotanaka: phil's the one with the entertaining things xDD
 71580 | Pan      | Fiveotanaka: heh same story here
 71634 | Pan      | Fiveotanaka: its incredibly hard to do anything like frisbee/etc if theres noone to enjoy it with you ;p
 71757 | Pan      | Sixotanaka: man I just realized
 71757 | Pan      | Sixotanaka: it's fucking cold
 71762 | Pan      | Found an exit through the horrors of the Abyss.
 71962 | Pan      | Noticed Voacuep the pandemonium lord
 71972 | Pan      | Killed Voacuep the pandemonium lord
 72004 | Pan      | Fiveotanaka: meant to be 22 today
 72034 | Pan      | Sixotanaka: melbourne has no sense of meant to
 72050 | Pan      | Fiveotanaka: im bringing a couple of extra layers just incase
 72086 | Pan      | Found an exit through the horrors of the Abyss.
 72119 | Pan      | Fiveotanaka: including one thing which I'd now be crucified for wearing if anyone who knew anything about it were around :P
 72134 | Depths:3 | Escaped Pandemonium
 72136 | Pan      | Entered Pandemonium
 72137 | Pan      | Sixotanaka: lol
 72149 | Pan      | Sixotanaka: good thing we're all nerds and hipsters rofl
 72175 | Pan      | Fiveotanaka: hahah
 72246 | Pan      | Fiveotanaka: i cant wear my vancouver jersey anymore =(
 72280 | Pan      | Fiveotanaka: cause the guy whos name on the jersey demanded a trade, to one team
 72281 | Pan      | Fiveotanaka: ...
 72286 | Pan      | Sixotanaka: lol
 72325 | Pan      | Reached skill level 12 in Transmutations
 72327 | Pan      | Fiveotanaka: its basically giving the middle finger to the team
 72343 | Pan      | Sixotanaka: lol
 72420 | Pan      | Entered the realm of Cerebov.
 72421 | Pan      | Sixotanaka: am I in cerebovs vault?
 72421 | Pan      | Fiveotanaka: possibly
 72422 | Pan      | Noticed Cerebov
 72423 | Pan      | Fiveotanaka: definitely
 72438 | Pan      | Sixotanaka: hmm
 72438 | Pan      | HP: 82/414 [balrug/fireball (30)]
 72441 | Pan      | HP: 5/414 [Cerebov/great serpentine sword {flame} (43)]
 72441 | Pan      | HP: 2/414 [balrug/vampiric demon whip (1)]
 72441 | Pan      | Slain by a balrug

Vanquished Creatures
  the royal jelly (Slime:6)
  Khufu (Crypt:3)
  4 ancient liches
  34 greater mummies
  Sojobo (Depths:4)
  the Lernaean hydra (Swamp:5)
  Margery (Vaults:4)
  Norris (Depths:3)
  4 caustic shrikes (Depths:5)
  Mara (Vaults:5)
  Mennas (Crypt:2)
  4 golden dragons
  3 bone dragons
  Xtahua (Vaults:3)
  Frederick (Depths:5)
  A Brimstone Fiend (Pan)
  Nikola (Snake:2)
  A hellephant (Abyss:3)
  6 pandemonium lords (Pan)
  A Hell Sentinel (Pan)
  3 tentacled monstrosities (Vaults:5)
  11 liches
  An Ice Fiend (Pan)
  A quicksilver dragon (Vaults:5)
  3 titans (Vaults:5)
  8 sphinxes
  6 tentacled starspawn
  14 acid blobs
  8 Shadow Fiends
  5 octopode crushers
  8 Executioners
  8 ancient champions
  Agnes (Swamp:2)
  13 tengu reavers
  Kirke (Snake:2)
  2 storm dragons
  6 shadow dragons
  A revenant (Tomb:3)
  A thorn hunter (Swamp:5)
  10 azure jellies
  13 fire giants
  10 greater nagas
  Maud (Lair:6)
  11 frost giants
  A deep elf sorcerer (Vaults:2)
  11 vault wardens
  Aizul (Swamp:2)
  2 iron dragons
  Louise (D:14)
  A draconian knight (Depths:5)
  A caustic shrike zombie (Depths:4)
  7 warmongers (Pan)
  6 cacodemons
  9 balrugs
  9 emperor scorpions
  6 ghouls
  A spriggan defender (Depths:3)
  12 very ugly things
  21 reapers
  A caustic shrike skeleton (Depths:4)
  2 war gargoyles (Vaults:5)
  13 ironheart preservers
  20 stone giants
  A draconian caller (Depths:5)
  3 blood saints (Pan)
  8 vampire knights
  A grey draconian (Depths:5)
  4 bennus
  A green draconian (Depths:5)
  A corrupter (Pan)
  4 deep elf demonologists (Vaults:2)
  3 dire elephants
  2 lorocyprocas (Pan)
  4 chaos champions (Pan)
  A purple draconian (Depths:5)
  2 deep elf annihilators
  2 yellow draconians (Depths:5)
  19 ettins
  A red draconian (Depths:5)
  4 minotaurs
  A pale draconian (Depths:5)
  12 deep elf death magi
  2 green deaths
  Snorg (D:14)
  6 unborn
  4 black suns (Pan)
  15 fire dragons
  7 blizzard demons
  A very ugly thing zombie (Depths:3)
  2 quicksilver dragon zombies
  6 eidola
  24 mummy priests
  14 great orbs of eyes
  4 death oozes (Slime:6)
  A merfolk impaler (Depths:4)
  34 vault guards
  Josephine (Snake:1)
  2 deep elf high priests
  16 jiangshi
  Fannar (D:10)
  11 rakshasas
  19 yaktaur captains
  8 ice dragons
  23 naga warriors
  9 spriggan air magi
  A spectral shadow dragon (Tomb:1)
  29 hydras
  5 monstrous demonspawn (Pan)
  Nessos (D:11)
  2 catoblepae
  19 ogre magi
  14 centaur warriors
  Erica (Lair:8)
  12 deep troll earth magi
  4 alligators
  2 death knights
  25 anacondas
  3 orc high priests (Orc:4)
  2 hell beasts (Pan)
  10 deep troll shamans
  5 thrashing horrors
  A titan zombie (Depths:4)
  32 death yaks
  5 spriggan berserkers
  4 tengu warriors
  16 naga sharpshooters
  A storm dragon zombie (Depths:3)
  5 vampire magi
  9 shock serpents
  15 sun demons
  3 hell hogs (Depths:1)
  5 shadow wraiths
  13 soul eaters
  A titan skeleton (Tomb:1)
  4 wretched stars
  20 spriggans
  A death drake (Abyss:2)
  A fire crab (Vaults:4)
  2 salamander mystics
  6 deep elf knights
  A fire crab (shapeshifter) (Depths:1)
  An unseen horror (shapeshifter) (Vaults:5)
  23 skeletal warriors
  A spatial maelstrom (Abyss:3)
  24 hell knights
  8 harpies
  An anaconda zombie (Tomb:3)
  3 spriggan druids
  34 deep trolls
  4 unseen horrors
  8 flayed ghosts
  9 ice devils
  9 naga ritualists
  A storm dragon skeleton (Tomb:2)
  13 sea snakes
  27 death scarabs
  A giant orange brain (Depths:4)
  13 ironbrand convokers
  A death drake (shapeshifter) (Depths:4)
  12 gelid demonspawn (Pan)
  10 iron trolls
  3 ice statues
  14 starcursed masses
  2 lindwurms (Lair:8)
  A shadow dragon zombie (Depths:4)
  2 deep elf summoners
  10 necromancers
  A golden dragon skeleton (Depths:4)
  A shadow demon (Pan)
  6 torturous demonspawn (Pan)
  12 hill giants
  A lindwurm (shapeshifter) (Vaults:5)
  10 anubis guards
  5 tengu zombies
  13 orc knights
  12 swamp dragons
  15 putrid demonspawn (Pan)
  A deep troll (shapeshifter) (Depths:4)
  2 sphinx zombies
  12 infernal demonspawn (Pan)
  4 wizards
  3 iron dragon zombies (Depths:4)
  50 ugly things
  12 phantasmal warriors
  7 shining eyes
  2 sphinx skeletons (Depths:4)
  10 mana vipers
  6 deep elf conjurers
  An oklob plant (Lair:8)
  3 orc sorcerers (Orc:4)
  A spectral ettin (Tomb:1)
  10 griffons
  5 wolf spiders
  3 tengu skeletons
  2 mana vipers (shapeshifter)
  2 stone giant zombies
  A wolf spider (shapeshifter) (Depths:4)
  2 shadow dragon skeletons (Depths:4)
  2 frost giant zombies
  8 cyclopes
  13 elephants
  A water nymph (shapeshifter) (Vaults:5)
  A faun (shapeshifter) (Vaults:5)
  13 smoke demons
  20 vault sentinels
  An iron dragon skeleton (Depths:4)
  A frost giant skeleton (Depths:4)
  2 hornets
  18 sixfirhies
  2 fire giant skeletons (Crypt:1)
  A black mamba (shapeshifter) (Vaults:3)
  An octopode (shapeshifter) (Vaults:1)
  A spectral elf (Depths:4)
  4 manticores
  11 guardian serpents
  2 dire elephant zombies
  A hornet (shapeshifter) (Vaults:3)
  15 salamanders
  59 black mambas
  3 stone giant skeletons
  8 centaur zombies
  7 rust devils
  28 orange demons
  5 torpor snails (Lair:8)
  27 spiny frogs
  A red draconian zombie (Crypt:3)
  A dire elephant skeleton (Crypt:1)
  3 eyes of devastation
  A white draconian zombie (Crypt:3)
  70 yaktaurs
  16 komodo dragons
  A queen ant (Lair:1)
  2 fire drakes
  2 hellions
  5 kobold demonologists
  27 naga magi
  A gargoyle (D:11)
  10 freezing wraiths
  A death yak zombie (Crypt:1)
  2 redback zombies
  An efreet (Pan)
  13 deep elf priests
  10 blue devils
  32 guardian mummies
  A golden dragon simulacrum (Depths:1)
  17 hellwings
  5 ancient zymes
  A grey draconian skeleton (Crypt:2)
  A tengu conjurer (Depths:5)
  2 death yak skeletons
  A fire drake (shapeshifter) (Vaults:2)
  12 red devils (Pan)
  5 tormentors (Pan)
  7 trolls
  A yaktaur skeleton (Vaults:1)
  A silent spectre (Crypt:2)
  A purple draconian skeleton (Crypt:1)
  A minotaur zombie (Crypt:2)
  37 two-headed ogres
  4 polar bears
  Sonja (D:14)
  31 large abominations
  11 boulder beetles
  9 giant leeches
  3 baby alligators (Swamp:3)
  11 bog bodies
  2 shadow dragon simulacra
  13 ravens
  21 blink frogs
  A tengu simulacrum (Depths:4)
  26 ushabtiu
  A baby alligator (shapeshifter) (Vaults:2)
  4 raiju
  99 slime creatures
  A shock serpent simulacrum (Crypt:3)
  A snapping turtle (shapeshifter) (Vaults:5)
  19 flying skulls
  A basilisk (shapeshifter) (Vaults:2)
  10 basilisks
  2 iron dragon simulacra (Depths:4)
  2 fire giant simulacra
  3 trapdoor spiders
  A frost giant simulacrum (Depths:4)
  9 wyverns
  76 yaks
  A wind drake zombie (Crypt:2)
  A redback (shapeshifter) (Abyss:3)
  11 redbacks
  12 wraiths
  9 deep elf magi
  A spriggan simulacrum (Depths:3)
  15 air elementals
  7 shadows
  2 elf skeletons
  A spriggan (shapeshifter) (Vaults:1)
  6 water elementals
  A tarantella (shapeshifter) (Depths:5)
  4 hogs (Snake:2)
  24 ynoxinuls
  2 tarantellas (Vaults:5)
  8 hippogriffs
  9 hungry ghosts
  11 small abominations
  A raven zombie (Crypt:1)
  16 deep elf fighters
  4 golden eyes
  3 mottled dragons
  11 vampires
  6 chaos spawn
  21 neqoxecs
  A spectral spiny frog (Tomb:3)
  4 human zombies
  26 swamp worms
  Edmund (D:7)
  27 vampire mosquitoes
  5 soldier ants (Lair:1)
  12 wargs
  An infernal demonspawn zombie (Crypt:1)
  35 wolves
  A spatial vortex (Abyss:3)
  7 insubstantial wisps
  32 orc warriors
  84 nagas
  A spiny frog zombie (Crypt:3)
  15 swamp drakes
  50 water moccasins
  12 porcupines
  A sky beast (D:10)
  6 hell hounds (Depths:1)
  10 ice beasts
  21 centaurs
  67 ogres
  A baby alligator skeleton (Crypt:2)
  An ice beast (shapeshifter) (Vaults:3)
  An ogre (shapeshifter) (Vaults:5)
  2 black bears
  9 necrophages
  A hog zombie (Crypt:3)
  A manticore skeleton (Depths:4)
  5 eyes of draining
  4 boring beetles
  A centaur (shapeshifter) (Vaults:4)
  6 phantoms
  26 wasps
  A torpor snail zombie (Crypt:2)
  16 boggarts
  2 elf simulacra (Depths:4)
  Sigmund (D:7)
  A spectral human (Crypt:3)
  4 big kobolds
  7 brain worms
  23 giant frogs
  2 glowing shapeshifter simulacra
  19 crocodiles
  2 wyvern zombies
  A draconian skeleton (Crypt:3)
  A snapping turtle simulacrum (Tomb:2)
  A hippogriff zombie (Crypt:1)
  6 scorpions
  2 troll zombies (D:10)
  A deep troll simulacrum (Vaults:5)
  20 killer bees
  22 wights
  2 yak skeletons (Orc:4)
  13 crimson imps
  11 electric eels
  A wolf skeleton (Crypt:2)
  3 giant frog zombies
  A wasp zombie (Depths:3)
  6 iron imps
  13 jellies
  A goliath beetle (D:10)
  3 human simulacra
  21 orc priests
  13 hounds
  4 quasits
  18 worker ants
  4 giant frog skeletons
  3 centaur skeletons
  A demonspawn skeleton (Crypt:2)
  A human skeleton (Abyss:2)
  7 iguanas
  31 orc wizards
  8 hell rats
  16 sheep
  A naga zombie (Snake:1)
  An ogre skeleton (Tomb:1)
  6 ogre zombies (D:10)
  A hound zombie (D:9)
  44 mummies
  A worker ant zombie (D:5)
  24 adders
  4 gnolls (D:8)
  74 river rats
  3 giant mites
  7 shadow imps
  12 white imps
  37 ufetubi
  21 worms
  3 adder skeletons
  An adder zombie (D:7)
  An iguana skeleton (Crypt:2)
  An ooze (D:1)
  149 orcs
  A bat skeleton (D:4)
  7 giant cockroaches
  25 goblins
  21 hobgoblins
  21 jackals
  28 kobolds
  15 quokkas
  2 ball pythons (Lair:4)
  A ball python skeleton (D:4)
  24 bats
  7 giant geckos
  A giant gecko skeleton (D:5)
  2 giant gecko zombies
  6 giant newts
  A giant newt zombie (Crypt:1)
  2 giant spores
  6 goblin zombies (D:10)
  A hobgoblin skeleton (D:10)
  2 hobgoblin zombies (D:10)
  3 jackal skeletons
  An orc skeleton (D:10)
  18 orc zombies
  A quokka skeleton (D:4)
  16 rats
  10 rat skeletons (Orc:4)
  2 ballistomycetes (D:11)
  2 briar patches (Swamp:5)
  A fungus (Lair:7)
  2 grand avatars (Pan)
  5 plants
  5 starspawn tentacles (Abyss:3)
  A starspawn tentacle segment (Abyss:3)
3872 creatures vanquished.

Vanquished Creatures (collateral kills)
  A hydra (Lair:7)
1 creature vanquished.

Vanquished Creatures (others)
  An eldritch tentacle (Abyss:3)
  A quicksilver dragon zombie (Tomb:2)
  The ghost of Guenter the Cleaver, a powerful DsGl of Okawaru (IceCv)
  19 death scarabs (Tomb:2)
  A fire giant zombie (Tomb:2)
  A water elemental (Lair:7)
  An ushabti (Tomb:2)
  6 flying skulls (Tomb:3)
  A fire giant simulacrum (Depths:3)
  A deep elf fighter (Vaults:5)
  A spider (Lair:7)
  A tengu (shapeshifter) (Depths:5)
  A boggart (Depths:3)
  A swamp dragon skeleton (Tomb:2)
  11 lost souls
  A wight (D:9)
  An electric eel (Snake:1)
  2 mummies (Tomb:2)
  2 giant mites (Lair:7)
  2 white imps (IceCv)
  4 ufetubi (IceCv)
  A rat skeleton (Orc:4)
  55 eldritch tentacle segments (Abyss:3)
  20 fungi
  21 plants
  11 starspawn tentacles (Abyss:3)
  128 starspawn tentacle segments (Abyss:3)
296 creatures vanquished.

Grand Total: 4169 creatures vanquished
